 Dungeon Crawl Stone Soup version 0.30.1-11-g7821555f0a (webtiles) character file.

Game seed: 15879989165877237261

16503515 YordlordTheGreat the Sabretooth (level 27, 149/149 HPs)
             Began as a Felid Transmuter on Sept 26, 2023.
             Was the Champion of Cheibriados.
             Escaped with the Orb
             ... and 15 runes on Dec 1, 2023!
             The game lasted 09:26:33 (94116 turns).

YordlordTheGreat the Sabretooth (Felid Transmuter) Turns: 94116, Time: 09:26:34

Health: 149/149    AC:  5    Str: 36    XL:     27
Magic:  43/43      EV: 70    Int: 30    God:    Cheibriados [******]
Gold:   13025      SH:  0    Dex: 37    Spells: 2/65 levels left
                                        Lives:  2   Deaths: 7

rFire   . .          .
                       - Unarmed
rCold   + . .        (shield unavailable)
rNeg    + . .        (body armour unavailable)
rPois   .            (helmet unavailable)
rElec   .            (cloak unavailable)
rCorr   .            (gloves unavailable)
SInv    +            (boots unavailable)
Will    +++++        z - amulet of Vitality {RegenMP++ Regen++}
Stlth   +            H - ring of Division {*Corrode rN+ Will+ Str+2 Dex+6}
HPRegen 2.04/turn    y - ring of Xom's Capriciousness {Will++ EV+5 Str+3}
MPRegen 1.08/turn

%: corrode self (3%)
@: studying Invocations, very slow
A: very small, claws 1, fangs 3, see invisible, speed 1, shaggy fur 3, stealthy
paws, no weapons or thrown items, no armour, multi-lived, horns 1, iridescent
scales 1, clumsy 1, deterioration 1, dopey 1, low MP 1, passive freeze,
screaming 1, inhibited regeneration, teleportitis 1
0: Orb of Zot
}: 15/15 runes: serpentine, barnacled, slimy, silver, golden, iron, obsidian,
icy, bone, abyssal, demonic, glowing, magical, fiery, dark
a: Renounce Religion, Bend Time, Temporal Distortion, Slouch, Step From Time


You escaped.
You worshipped Cheibriados.
Cheibriados was exalted by your worship.
You visited 18 branches of the dungeon, and saw 87 of its levels.
You visited Pandemonium 1 time, and saw 14 of its levels.
You visited the Abyss 2 times.
You visited 1 bazaar.
You also visited: Bailey, Gauntlet and Volcano.

You collected 15081 gold pieces.
You spent 2056 gold pieces at shops.

Inventory:

Jewellery
 y - the ring of Xom's Capriciousness (right paw) {Will++ EV+5 Str+3}
   (You took it off a hell knight on level 5 of the Vaults)

   [ring of evasion]

   EV:        It affects your evasion (+5).
   Str:       It affects your strength (+3).
   Will:      It greatly increases your willpower.
 z - the amulet of Vitality (around neck) {RegenMP++ Regen++}
   (You took it off a deep elf high priest on level 3 of the Elven Halls)

   [amulet of magic regeneration]

   It increases your rate of magic regeneration.
   Regen:     It increases your rate of health regeneration.
 H - the ring of Division (left paw) {*Corrode rN+ Will+ Str+2 Dex+6}
   (You took it off an ogre mage on level 5 of the Vaults)

   [ring of dexterity]

   Str:       It affects your strength (+2).
   Dex:       It affects your dexterity (+6).
   rN:        It protects you from negative energy.
   *Corrode:  It may corrode you when you take damage.
   Will:      It increases your willpower.
 J - a ring of willpower
 K - an amulet of the acrobat
 L - the ring "Nuloupo" {rElec rPois Will++ Dex+6 Stlth-}
   (You found it on level 3 of the Tomb of the Ancients)

   [ring of dexterity]

   Dex:       It affects your dexterity (+6).
   rElec:     It insulates you from electricity.
   rPois:     It protects you from poison.
   Will:      It greatly increases your willpower.
   Stlth:     It makes you less stealthy.
 Q - the amulet of Enwil {rF+ Regen+ Str+3}
   (You found it on level 2 of the Depths)

   [amulet of regeneration]

   Str:       It affects your strength (+3).
   rF:        It protects you from fire.
   Regen:     It increases your rate of health regeneration.
 R - the ring "Zaimnyh" {rC+ Str+3 Stlth+}
   (You found it in a Gauntlet)

   [ring of protection from cold]

   Str:       It affects your strength (+3).
   rC:        It protects you from cold.
   Stlth:     It makes you more stealthy.
 S - the ring of Osurchom {rPois Will+ rCorr AC+4}
   (You took it off a minotaur in a Gauntlet)

   [ring of protection]

   AC:        It affects your AC (+4).
   rPois:     It protects you from poison.
   rCorr:     It protects you from acid and corrosion.
   Will:      It increases your willpower.
 Y - the ring of Xoviudd {rN++ Will+ EV+5}
   (You found it on level 3 of the Tomb of the Ancients)

   [ring of evasion]

   EV:        It affects your evasion (+5).
   rN:        It greatly protects you from negative energy.
   Will:      It increases your willpower.
 Z - the ring of the Oracle {rPois rF+++ MP+9 Str+4 Dex-5}
   (You found it on level 3 of the Tomb of the Ancients)

   [ring of magical power]

   Str:       It affects your strength (+4).
   Dex:       It affects your dexterity (-5).
   rF:        It renders you almost immune to fire.
   rPois:     It protects you from poison.
   MP:        It affects your magic capacity (+9).
Wands
 b - a wand of paralysis (72)
 f - a wand of flame (53)
 B - a wand of mindburst (46)
 C - a wand of digging (39)
 E - a wand of polymorph (46)
 I - a wand of iceblast (95)
 P - a wand of quicksilver (60)
Scrolls
 c - 34 scrolls of teleportation
 i - 15 scrolls of poison
 j - 12 scrolls of immolation
 l - 5 scrolls of magic mapping
 n - 8 scrolls of fog
 o - 2 scrolls of silence
 q - 16 scrolls of vulnerability
 r - 2 scrolls of blinking
 u - 10 scrolls of fear
 w - 4 scrolls of amnesia
 F - a scroll of summoning
 X - 8 scrolls of torment
Potions
 a - 14 potions of lignification
 d - 2 potions of heal wounds
 e - 6 potions of magic
 g - 7 potions of might
 h - 31 potions of curing
 m - 13 potions of flight
 p - a potion of mutation
 s - 9 potions of invisibility
 t - 9 potions of cancellation
 v - 10 potions of attraction
 A - 14 potions of brilliance
 D - 6 potions of ambrosia
 G - 4 potions of berserk rage
 W - 2 potions of resistance
Miscellaneous
 k - a box of beasts
 x - a phial of floods
 M - the horn of Geryon
 N - a phantom mirror
 O - a figurine of a ziggurat
 T - a lightning rod (4/4)
 U - a tin of tremorstones (2/2)


   Skills:
 O Level 27 Fighting
 O Level 27 Dodging
 O Level 27 Unarmed Combat
 + Level 19.8 Spellcasting
 - Level 8.0 Conjurations
 - Level 1.3 Hexes
 - Level 0.8 Summonings
 O Level 27 Necromancy
 + Level 16.0 Translocations
 - Level 21.0 Transmutations
 - Level 0.6 Fire Magic
 - Level 3.0 Ice Magic
 - Level 0.7 Air Magic
 O Level 27 Earth Magic
 - Level 0.8 Poison Magic
 - Level 13.0 Invocations
 O Level 27 Evocations


You had 2 spell levels left.
You knew the following spells:

 Your Spells              Type           Power      Damage    Failure   Level
a - Lee's Rapid Deconstr  Erth           56%        3d26*     0%          5
b - Wereblood             Tmut           100%       N/A       0%          2
c - Blink                 Tloc           100%       N/A       0%          2
d - Dispersal             Tloc           45%        N/A       1%          6
e - Death Channel         Necr           56%        N/A       0%          6
f - Death's Door          Necr           56%        N/A       1%          9
g - Lesser Beckoning      Tloc           100%       N/A       0%          2
h - Passage of Golubria   Tloc           90%        N/A       1%          4
i - Lehudib's Crystal Sp  Conj/Erth      47%        10d11     6%          8
j - Statue Form           Tmut/Erth      72%        N/A       0%          6
l - Manifold Assault      Tloc           90%        N/A       1%          4
m - Shatter               Erth           56%        3d42*     1%          9

Your spell library contained the following spells:

 Spells                   Type           Power      Damage    Failure   Level
 Apportation              Tloc           100%       N/A       0%          1
 Beastly Appendage        Tmut           100%       N/A       0%          1
 Kiss of Death            Conj/Necr      100%       2d13      0%          1
 Necrotise                Necr           100%       1d9       0%          1
 Sandblast                Erth           100%       2d20      0%          1
 Sting                    Tmut/Pois      100%       1d8       0%          1
 Momentum Strike          Conj/Tloc      100%       3d10      0%          2
 Passwall                 Tmut/Erth      90%        N/A       0%          2
 Sublimation of Blood     Necr           100%       N/A       0%          2
 Foxfire                  Conj/Fire      100%       2x1d9     1%          1
 Freeze                   Ice            100%       1d10      1%          1
 Magic Dart               Conj           100%       1d8       1%          1
 Shock                    Conj/Air       100%       1d9       1%          1
 Summon Small Mammal      Summ           100%       N/A       1%          1
 Cigotuvi's Dreadful Rot  Necr/Pois/Air  100%       N/A       1%          2
 Ensorcelled Hibernation  Hex/Ice        84%        N/A       1%          2
 Poisonous Vapours        Pois/Air       68%        N/A       1%          2
 Scorch                   Fire           66%        2d7       1%          2
 Searing Ray              Conj           100%       2d8       1%          2
 Static Discharge         Conj/Air       100%       2-7/arc   1%          2
 Gell's Gravitas          Tloc           90%        N/A       0%          3
 Stone Arrow              Conj/Erth      100%       3d13      0%          3
 Teleport Other           Tloc           90%        N/A       0%          3
 Vampiric Draining        Necr           100%       2d13      0%          3
 Animate Dead             Necr           100%       N/A       0%          4
 Dispel Undead            Necr           100%       3d31      0%          4
 Petrify                  Tmut/Erth      100%       N/A       0%          4
 Agony                    Necr           100%       N/A       0%          5
 Blade Hands              Tmut           51%        N/A       0%          5
 Borgnjor's Vile Clutch   Necr/Erth      56%        N/A       0%          5
 Dazzling Flash           Conj/Hex       100%       N/A       1%          3
 Frozen Ramparts          Ice            94%        1d15      1%          3
 Hailstorm                Conj/Ice       58%        3d13      1%          3
 Ignite Poison            Fire/Tmut/Pois 65%        N/A       1%          3
 Mephitic Cloud           Conj/Pois/Air  48%        N/A       1%          3
 Ozocubu's Armour         Ice            47%        N/A       1%          3
 Spider Form              Tmut/Pois      76%        N/A       1%          3
 Vhi's Electric Charge    Tloc/Air       100%       N/A       1%          3
 Volatile Blastmotes      Fire/Tloc      100%       2d18      1%          3
 Anguish                  Hex/Necr       42%        N/A       1%          4
 Fulminant Prism          Conj/Hex       27%        3d13      1%          4
 Ice Form                 Ice/Tmut       80%        N/A       1%          4
 Leda's Liquefaction      Hex/Erth       42%        N/A       1%          4
 Alistair's Intoxication  Tmut/Pois      50%        N/A       1%          5
 Irradiate                Conj/Tmut      43%        3d26      1%          5
 Iskenderun's Battlesphe  Conj           67%        2d12      1%          5
 Summon Forest            Summ/Tloc      34%        N/A       1%          5
 Yara's Violent Unravell  Hex/Tmut       38%        3d15      1%          5
 Iron Shot                Conj/Erth      47%        9d9       1%          6
 Simulacrum               Ice/Necr       44%        N/A       1%          6
 Dragon Form              Tmut           51%        N/A       1%          7
 Borgnjor's Revivificati  Necr           56%        N/A       1%          8
 Infestation              Necr           56%        N/A       1%          8
 Necromutation            Tmut/Necr      54%        N/A       1%          8
 Call Canine Familiar     Summ           34%        N/A       2%          3
 Confusing Touch          Hex            37%        N/A       2%          3
 Inner Flame              Hex/Fire       35%        N/A       2%          3
 Summon Guardian Golem    Hex/Summ       36%        N/A       2%          3
 Tukima's Dance           Hex            37%        N/A       2%          3
 Flame Wave               Conj/Fire      54%        2d13      2%          4
 Sticky Flame             Conj/Fire      54%        2d7       2%          4
 Eringya's Noxious Bog    Tmut/Pois      38%        N/A       2%          6
 Swiftness                Air            33%        N/A       3%          3
 Haunt                    Necr/Summ      42%        N/A       3%          7
 Arcjolt                  Conj/Air       27%        1d37      6%          5
 Freezing Cloud           Conj/Ice/Air   26%        6-21      7%          5
 Cause Fear               Hex            18%        N/A       8%          4
 Olgreb's Toxic Radiance  Pois           34%        N/A       9%          4
 Airstrike                Air            16%        2d(3-19)  10%         4
 Summon Lightning Spire   Summ/Air       34%        N/A       10%         4
 Disjunction              Tloc           45%        N/A       12%         8
 Storm Form               Tmut/Air       38%        N/A       13%         7
 Silence                  Hex/Air        17%        N/A       24%         5
 Conjure Ball Lightning   Conj/Air       27%        3x3d8     32%         6
 Summon Cactus Giant      Summ           17%        N/A       80%         6
 Plasma Beam              Fire/Air       16%        2x1d30    83%         6
 Spellforged Servitor     Conj/Summ      27%        N/A       87%         7
 Ozocubu's Refrigeration  Ice            23%        4d12      97%         7
 Summon Hydra             Summ           17%        N/A       100%        7
 Discord                  Hex            18%        N/A       100%        8
 Ignition                 Fire           16%        3d7       100%        8
 Maxwell's Capacitive Co  Air            16%        ∞         100%        8
 Chain Lightning          Conj/Air       27%        3d36      100%        9
 Dragon's Call            Summ           17%        N/A       100%        9
 Fire Storm               Conj/Fire      27%        8d7       100%        9
 Portal Projectile        Hex/Tloc       Unusable   N/A       N/A         3
 Animate Armour           Summ/Erth      Unusable   N/A       N/A         4

Dungeon Overview and Level Annotations

Branches:
Dungeon (15/15)            Temple (1/1) D:6            Lair (5/5) D:10
 Shoals (4/4) Lair:2        Snake (4/4) Lair:2        Slime (5/5) Lair:5
    Orc (2/2) D:9             Elf (3/3) Orc:2        Vaults (5/5) D:14
  Crypt (3/3) Vaults:2       Tomb (3/3) Crypt:3      Depths (4/4) D:15
   Hell (visited)             Dis (7/7) Hell            Geh (7/7) Hell
    Coc (7/7) Hell            Tar (7/7) Hell            Zot (5/5) Depths:4
 Bailey (visited)         Volcano (visited)         Gauntlet (visited)

Altars:
Ashenzari
Cheibriados
Dithmenos
Elyvilon
Fedhas
Gozag
Hepliaklqana
Kikubaaqudgha
Makhleb
Nemelex Xobeh
Okawaru
Qazlal
Ru
Sif Muna
Trog
Uskayaw
Vehumet
Wu Jian
Xom
Yredelemnul
Zin
The Shining One

Shops:
D:8 *   D:13 (   Orc:2 :[*!   Elf:1 *   Elf:2 *   Shoals:3 *   Vaults:2 (

Portals:
Hell: Depths:1 Depths:2 Depths:3 Depths:4
Abyss: Depths:3 Depths:4
Pandemonium: Orc:2 Depths:2
Ziggurat: Depths:3

Annotations:
Temple 2 transporters
Lair:1 exclusion: oklob plant
Zot:1 4 transporters
Zot:4 1 transporter


Innate Abilities, Weirdness & Mutations

You have sharp claws.
You have razor-sharp teeth.
You have supernaturally acute eyesight. (SInv)
You cover ground quickly. (Speed+)
Your thick and shaggy fur keeps you warm. (AC +3, rC+)
Your paws help you pounce on unaware monsters.
You are incapable of wielding weapons or throwing items.
You cannot wear armour.
You gain extra lives every three experience levels.
You have a pair of small horns on your head.
You are partially covered in iridescent scales. (AC +2)
You are clumsy. (Dex -2)
Your body sometimes deteriorates upon taking damage.
You are dopey. (Int -2)
Your magical capacity is low. (-10% MP)
A frigid envelope surrounds you and freezes all who hurt you.
You occasionally shout uncontrollably at your foes.
You do not regenerate when monsters are visible.
You are occasionally teleported next to monsters.


Message History

You turn into a living statue of rough stone.
Casting: Statue Form (safe; 0% risk of failure)
Confirm with . or Enter, or press ? or * to list all spells.
Aiming: Lehudib's Crystal Spear (dangerous; 6% risk of failure)
Press: ? - help, Shift-Dir - straight line, f - profane servitor
Aim: a profane servitor, wielding a +2 whip (umbra, 50% to hit)
The crystal spear hits the profane servitor!!!
The profane servitor is moderately damaged.
The profane servitor completely misses you.
The profane servitor hits you but does no damage.
The profane servitor resists.
The profane servitor is very cold.
The profane servitor is moderately damaged.
You eviscerate the profane servitor!!!!
Your headbutt misses the profane servitor.
Your claw misses the profane servitor.
You bite the profane servitor, but do no damage.
The profane servitor is almost destroyed.
The profane servitor completely misses you.
The profane servitor misses you.
You scratch the profane servitor.
You destroy the profane servitor!
Cheibriados thoroughly appreciates the change of pace.
An Ice Fiend comes into view.
The Ice Fiend calls on the powers of darkness!
Your body is wracked with pain!
The Ice Fiend gestures at you. The bolt of cold misses you.
The Ice Fiend gestures at you. The bolt of cold misses you.
There is a stone staircase leading up here.
The Ice Fiend gestures at you. The bolt of cold misses you.
You climb upwards.
There is a stone staircase leading down here.
Your transformation is almost over.
HP restored.
You revert to your normal fleshy form.
You see here a +0 short sword.
There is a staircase leading out of the dungeon here.
You have escaped! #.PPPPPPPPPPPPPPP...## #........ ##.PPPPPPPPPPPPPPP.#..#

#........
...PPPPP.....PPPPP.##.###...####.
...PPP..PPPPP..PPP.##..##........
...PP.PPP...PPP.PP...#.##...####.
...PP.PP.PPP.PP.PP##.#...........
#.#P.PP.PP.PP.PP.P##..#####.#....
#..P.P.PP.P.PP.P.P###..# #.#.###
##...P.P.PPP.P.P@P####.## #.#.#
##P.P.PP.P.PP.P.P#...).# #.#.#
#P.PP.PP.PP.PP.P#.....###.#.# #
#PP.PP.PPP.PP.PP#...........###
#PP.PPP...PPP.PP#....####....##
#PPP..PPPPP..PPP..........#....
#PPPPP.....PPPPP.....#.......##
###PPPPPPPPPPPPPPP.....#.........
..#PPPPPPPPPPPPPPP.....#.......##


There were no monsters in sight!

Vanquished Creatures
  Cerebov (Pan)
  Antaeus (Coc:7)
  Asmodeus (Geh:7)
  Gloorx Vloq (Pan)
  the Royal Jelly (Slime:5)
  A seraph (D:4)
  Mnoleg (Pan)
  the Serpent of Hell (Geh:7)
  Dispater (Dis:7)
  4 dread liches
  Khufu (Tomb:2)
  Lom Lobon (Pan)
  11 orbs of fire
  3 ancient liches
  Mennas (Crypt:1)
  3 juggernauts
  38 royal mummies
  Vv (Crypt:3)
  Parghit (Depths:3)
  21 shard shrikes
  5 Killer Klowns
  Vashnia (Snake:2)
  Margery (Vaults:5)
  Xtahua (Vaults:5)
  Bai Suzhen (Crypt:3)
  38 caustic shrikes
  2 curse toes
  12 golden dragons
  Geryon (Hell)
  Jory (Depths:4)
  Nikola (Vaults:1)
  6 profane servitors
  37 bone dragons
  15 Brimstone Fiends
  17 iron giants
  14 Tzitzimimeh
  4 spectral shard shrikes
  10 pandemonium lords
  21 doom hounds
  4 electric golems
  3 walking crystal tomes
  Rupert (Lair:4)
  30 tentacled monstrosities
  Zenata (Elf:2)
  13 hellephants
  21 Ice Fiends
  29 Hell Sentinels
  12 titans
  24 Orb Guardians
  16 tainted leviathans
  8 liches
  3 quicksilver dragons
  2 deep elf master archers (Elf:3)
  2 walking divine tomes
  3 deep elf blademasters
  15 searing wretches
  14 sphinxes
  11 acid blobs
  27 tentacled starspawn
  33 ancient champions
  23 Executioners
  7 death cobs
  8 tengu reavers
  13 shadow dragons
  19 storm dragons
  9 azure jellies
  Ilsuiw (Shoals:3)
  6 demonspawn warmongers (Pan)
  5 revenants
  5 draconian monks
  10 rockslimes
  19 narguns
  17 fire giants
  3 draconian knights
  17 vault wardens
  An azure jelly (shapeshifter) (Depths:1)
  18 frost giants
  6 nagarajas
  6 iron dragons
  Aizul (Depths:2)
  4 spectral caustic shrikes
  6 draconian scorchers
  2 spectral juggernauts
  54 balrugs
  Louise (Elf:1)
  13 quicksilver elementals
  10 ghost moths
  An emperor scorpion (shapeshifter) (Vaults:5)
  2 daevas
  3 angels
  8 deep elf sorcerers
  A caustic shrike zombie (Dis:7)
  6 deep elf elementalists
  3 draconian stormcallers
  3 ghouls
  6 shard shrike simulacra
  24 cacodemons
  4 curse skulls
  7 demonspawn corrupters (Pan)
  9 draconian annihilators
  3 draconian shifters
  4 spriggan defenders
  20 reapers
  A juggernaut skeleton (Crypt:2)
  49 very ugly things
  4 caustic shrike skeletons
  9 quicksilver oozes
  20 ironbound preservers
  3 demonspawn blood saints (Pan)
  25 war gargoyles
  15 stone giants
  21 elemental wellsprings
  Nessos (D:13)
  13 putrid mouths
  9 ironbound thunderhulks
  6 vampire knights
  26 lorocyprocas
  An ophan (Abyss:2)
  8 green draconians
  5 demonspawn black suns (Pan)
  Azrael (Elf:2)
  9 yellow draconians
  10 deep elf annihilators
  9 black draconians
  2 spectral titans
  15 bennus
  9 deep elf demonologists
  10 red draconians
  10 purple draconians
  16 dire elephants
  15 wendigos
  9 white draconians
  A minotaur (Gauntlet)
  4 spark wasps
  12 fire dragons
  A crystal guardian (Vaults:4)
  20 green deaths
  9 ettins
  9 deep elf death magi
  18 blizzard demons
  3 deep elf high priests
  Josephine (D:13)
  A spectral iron giant (Tar:3)
  3 jiangshi
  21 eidola
  19 iron golems
  A spectral spriggan (Tar:5)
  12 yaktaur captains
  2 quicksilver dragon zombies
  12 merfolk impalers
  2 spriggan zombies (Hell)
  9 great orbs of eyes
  19 mummy priests
  2 entropy weavers
  5 merfolk javelineers (Shoals:4)
  37 vault guards
  A quicksilver dragon skeleton (Tomb:3)
  A spectral shadow dragon (Tar:2)
  Fannar (Orc:1)
  16 salamander tyrants
  An elf skeleton (Crypt:3)
  8 hydras
  10 spriggan skeletons
  2 juggernaut simulacra
  3 merfolk avatars
  An Orb Guardian zombie (Crypt:2)
  17 rakshasas
  7 ice dragons
  5 caustic shrike simulacra
  2 peacekeepers
  6 ironbound frosthearts
  5 catoblepae
  22 centaur warriors
  7 two-headed ogres
  An ogre mage (Vaults:5)
  14 anacondas
  8 boulder beetles
  4 spriggan air magi
  Erica (D:8)
  4 hell beasts
  5 merfolk aquamancers
  4 stokers
  An alligator snapping turtle (Shoals:4)
  2 demonspawn (Orc:2)
  2 fenstrider witch skeletons
  A spectral stone giant (Tar:4)
  3 tengu warriors
  12 death yaks
  2 satyrs
  22 dancing weapons
  A quicksilver ooze zombie (Crypt:1)
  An Orb Guardian skeleton (Crypt:1)
  7 deep troll earth magi
  12 naga warriors
  A spectral dire elephant (Tar:2)
  7 vampire magi
  Urug (Lair:2)
  44 death scarabs
  6 orc high priests (Orc:2)
  4 shock serpents
  An azure jelly zombie (Crypt:3)
  31 thrashing horrors
  6 spriggan berserkers
  6 deep troll shamans
  A spectral storm dragon (Tar:1)
  39 hell hogs
  5 spectral nagas
  43 hell knights
  A titan zombie (Vaults:5)
  22 deep elf knights
  5 iron trolls
  An iron troll (shapeshifter) (Vaults:5)
  16 naga sharpshooters
  129 sun demons
  25 wretched stars
  12 crystal echidnas
  65 skeletal warriors
  63 soul eaters
  A death drake (Abyss:3)
  5 skysharks
  26 shadow wraiths
  3 titan skeletons
  10 salamander mystics
  2 storm dragon skeletons
  25 sixfirhies
  A skyshark (shapeshifter) (Vaults:3)
  2 spatial maelstroms (Abyss:3)
  An anaconda zombie (Abyss:3)
  3 quicksilver dragon simulacra
  12 glowing orange brains
  7 sea snakes
  68 deep trolls
  A spectral hydra (Tar:2)
  11 flayed ghosts
  An anaconda skeleton (Crypt:3)
  9 shadow demons
  3 spectral anacondas
  4 naga ritualists
  A deep troll (shapeshifter) (Abyss:2)
  An obsidian statue (Tomb:1)
  Pikel (D:8)
  12 wizards
  A fenstrider witch simulacrum (Coc:1)
  3 bunyip skeletons
  19 ironbound convokers
  A bog body (Crypt:2)
  A steelbarb worm (shapeshifter) (Depths:2)
  4 spriggan simulacra
  11 deep elf archers
  A spectral iron dragon (Tar:2)
  9 phantasmal warriors
  An iron giant skeleton (Abyss:3)
  13 lindwurms
  9 harpies
  12 necromancers
  41 deep elf pyromancers
  A hell hog zombie (Geh:7)
  132 starcursed masses
  7 orc knights
  29 deep elf zephyrmancers
  A spectral ettin (Tar:3)
  14 mana vipers
  8 orc sorcerers
  A shining eye (shapeshifter) (Vaults:5)
  2 will-o-the-wisps
  6 cyclopes
  14 fauns
  22 manticores
  9 shining eyes
  10 worldbinders
  A spectral centaur (Tar:1)
  An oklob plant (Abyss:3)
  An orc zombie (Tomb:1)
  A toenail golem (Pan)
  39 ugly things
  7 merfolk sirens
  A salamander (shapeshifter) (Depths:1)
  2 centaur zombies
  30 moths of wrath
  4 apocalypse crabs
  23 salamanders
  An ice statue (Coc:7)
  A naga zombie (Abyss:3)
  A human skeleton (Vaults:3)
  A stone giant skeleton (Pan)
  Maurice (D:13)
  An iron dragon skeleton (Depths:2)
  10 water nymphs
  7 guardian serpents
  78 smoke demons
  An alligator snapping turtle zombie (Abyss:2)
  A dire elephant zombie (Abyss:3)
  3 titan simulacra
  10 rust devils
  6 eyes of devastation
  A salamander zombie (Geh:3)
  14 molten gargoyles
  18 vault sentinels
  29 black mambas
  A cane toad (shapeshifter) (Abyss:2)
  13 naga magi
  14 cane toads
  23 demonic crawlers
  3 dire elephant skeletons
  A gargoyle (D:13)
  An emperor scorpion simulacrum (Coc:1)
  A storm dragon simulacrum (Coc:1)
  6 centaur skeletons
  39 orange demons
  2 rime drakes (Lair:4)
  21 yaktaurs
  A rime drake (shapeshifter) (Depths:3)
  A yaktaur (shapeshifter) (Depths:4)
  24 tormentors
  16 efreet
  6 unseen horrors
  4 anaconda simulacra
  7 komodo dragons
  21 hellions
  3 kobold demonologists (D:12)
  13 freezing wraiths
  A bunyip simulacrum (Hell)
  60 guardian mummies
  4 tengu conjurers
  5 red devils
  2 ice devils
  18 ancient zymes
  29 merfolk
  An unseen horror skeleton (Crypt:1)
  4 harpy zombies
  2 silent spectres
  3 spectral harpies
  6 trolls
  4 polar bears (Lair:1)
  9 wind drakes
  A catoblepas skeleton (Crypt:3)
  A tyrant leech (shapeshifter) (Depths:4)
  2 harpy skeletons (Pan)
  11 hornets
  14 blink frogs
  42 hellwings
  15 dream sheep
  4 hydra skeletons
  9 raiju
  Prince Ribbit (D:7)
  2 iron dragon simulacra
  2 stone giant simulacra (Hell)
  An ice dragon zombie (Crypt:1)
  10 snapping turtles
  3 ettin zombies
  A slime creature (shapeshifter) (Vaults:5)
  51 slime creatures
  3 centaur simulacra
  A jumping spider (Vaults:4)
  4 ettin skeletons
  11 air elementals
  17 ushabtiu
  17 wraiths
  A culicivora (shapeshifter) (Abyss:3)
  11 spriggans
  4 shadows
  6 dire elephant simulacra
  A yak (shapeshifter) (Vaults:5)
  36 flying skulls
  3 wyverns
  2 naga simulacra
  22 water elementals
  65 ynoxinuls
  130 large abominations
  63 yaks
  4 fire bats (Abyss:3)
  6 fire elementals
  A redback (Vaults:4)
  2 black mamba skeletons (Pan)
  25 golden eyes
  23 humans
  43 neqoxecs
  27 chaos spawn
  10 vampire mosquitoes
  A wind drake skeleton (Crypt:1)
  2 basilisks
  2 steam dragons
  3 wargs (Orc:1)
  A swamp worm (shapeshifter) (Vaults:2)
  22 nagas
  A spatial vortex (Abyss:3)
  2 acid dragons
  11 harpy simulacra
  18 hell hounds
  A deep troll skeleton (Crypt:1)
  6 floating eyes
  2 demonspawn skeletons (Pan)
  A hydra simulacrum (Coc:7)
  10 water moccasins
  A glowing shapeshifter skeleton (Vaults:3)
  3 naga skeletons
  A merfolk skeleton (Crypt:1)
  36 orc warriors
  2 manticore zombies (Shoals:2)
  5 black bears
  A hornet zombie (Crypt:1)
  12 ogres
  A sky beast (shapeshifter) (Abyss:3)
  2 ettin simulacra
  10 boggarts
  2 blink frog zombies
  7 wolves
  2 lemures (D:8)
  2 kobold brigands
  12 centaurs
  2 phantoms (D:7)
  2 human zombies
  A yaktaur zombie (Crypt:3)
  10 bullfrogs
  Blork the orc (D:6)
  3 earth elementals
  A gnoll sergeant (D:10)
  2 necrophages (Crypt:1)
  A yaktaur skeleton (Crypt:2)
  62 small abominations
  3 scorpions
  23 wights
  A wyvern skeleton (Crypt:2)
  A warg zombie (Crypt:2)
  7 killer bees
  A howler monkey (D:7)
  12 electric eels
  A yak skeleton (Crypt:1)
  4 jellies
  7 iron imps
  3 hounds
  7 quasits
  28 orc priests
  A sleepcap (D:6)
  5 iguanas
  5 hell rats (Hell)
  28 orc wizards
  Natasha (thrice) (D:3)
  An acid dragon skeleton (Crypt:3)
  59 mummies
  10 gnolls
  9 adders
  4 river rats (D:7)
  A steam dragon skeleton (Crypt:3)
  6 white imps
  5 ufetubi
  7 dart slugs
  81 orcs
  A bat zombie (Shoals:2)
  3 endoplasms
  2 giant cockroaches
  4 hobgoblins
  2 quokkas
  7 ball pythons
  5 bats
  A dart slug zombie (Crypt:2)
  2 frilled lizards
  5 goblins
  A goblin zombie (Crypt:3)
  A hobgoblin zombie (Crypt:3)
  12 kobolds
  A quokka skeleton (Crypt:3)
  4 rats
  A rat zombie (Crypt:3)
  5 creeping infernos
  18 fire vortices
  3 lurking horrors (Abyss:3)
  16 starspawn tentacles
4899 creatures vanquished.

Vanquished Creatures (collateral kills)
  Ereshkigal (Tar:7)
  An ancient lich (Tar:7)
  A juggernaut (Dis:7)
  3 caustic shrikes
  2 golden dragons
  2 iron giants (Dis:6)
  A doom hound (Tar:7)
  3 hellephants
  A spectral shard shrike (Tar:3)
  3 Orb Guardians (Zot:5)
  A Hell Sentinel (Dis:7)
  2 tentacled monstrosities
  2 titans (Coc:7)
  3 searing wretches
  A tainted leviathan (Tar:7)
  A quicksilver dragon (Zot:4)
  7 acid blobs
  An ancient champion (Dis:3)
  A fire giant (Geh:3)
  3 rockslimes
  An azure jelly (Slime:5)
  A nargun (Coc:7)
  3 quicksilver elementals
  A draconian shifter (Zot:5)
  A war gargoyle (Dis:6)
  A shard shrike simulacrum (Coc:2)
  A reaper (Hell)
  A quicksilver ooze (Slime:3)
  5 black draconians
  2 elemental wellsprings (Coc:6)
  A yellow draconian (Zot:4)
  A wendigo (Coc:7)
  A purple draconian (Zot:4)
  A bennu (Tomb:2)
  2 white draconians (Zot:3)
  An eidolon (Tar:7)
  3 great orbs of eyes
  2 salamander tyrants (Geh:7)
  A hydra (Depths:3)
  2 caustic shrike simulacra (Coc:5)
  A stoker (Geh:7)
  A hell hog (Geh:7)
  A crystal echidna (Dis:7)
  A quicksilver dragon simulacrum (Coc:7)
  A spriggan simulacrum (Coc:1)
  4 shining eyes
  A spectral alligator snapping turtle (Tar:1)
  9 moths of wrath
  4 eyes of devastation
  A molten gargoyle (Geh:7)
  An iron giant simulacrum (Coc:5)
  A freezing wraith (Coc:2)
  2 guardian mummies
  27 slime creatures
  2 golden eyes (Slime:3)
  2 harpy simulacra
  A mummy (Tomb:2)
  2 fire vortices
134 creatures vanquished.

Vanquished Creatures (others)
  2 liches
  An eldritch tentacle (Pan)
  A death cob (Zot:5)
  12 caustic shrike zombies
  A draconian stormcaller (Zot:5)
  A black draconian (Zot:1)
  A yellow draconian (Zot:1)
  4 acid blob zombies
  A quicksilver dragon zombie (Zot:4)
  A merfolk impaler (Shoals:4)
  A salamander tyrant (Geh:7)
  A rakshasa (Pan)
  A caustic shrike simulacrum (Coc:3)
  3 Orb Guardian zombies (Zot:5)
  2 azure jelly zombies
  4 quicksilver ooze zombies
  2 storm dragon zombies
  A deep elf knight (Elf:2)
  A glowing orange brain (Pan)
  A spriggan simulacrum (Coc:6)
  2 golden dragon zombies (Zot:5)
  A deep elf zephyrmancer (Elf:2)
  3 shadow dragon zombies
  6 draconian zombies
  11 hell hog zombies
  A shining eye (Pan)
  2 smoke demons
  A demonspawn zombie (Pan)
  4 white draconian zombies
  7 black draconian zombies
  5 red draconian zombies
  3 green draconian zombies
  6 purple draconian zombies
  4 yellow draconian zombies
  2 hellwings (Pan)
  13 moth of wrath zombies
  2 great orb of eyes zombies (Slime:2)
  5 slime creature zombies
  A dire elephant simulacrum (Coc:7)
  A large abomination (Abyss:3)
  A yak (D:9)
  2 naga simulacra (Coc:6)
  A neqoxec (Pan)
  2 golden eyes (Abyss:3)
  4 human zombies (Hell)
  A naga (Snake:2)
  A hydra simulacrum (Coc:6)
  A boggart (D:13)
  5 hell hound zombies (Hell)
  An orc wizard (D:4)
  2 small abominations
  6 ball lightnings (Pan)
  2 creeping infernos (Geh:7)
  6 fire vortices
  A lurking horror (Abyss:3)
  29 starspawn tentacles
187 creatures vanquished.

Grand Total: 5220 creatures vanquished

Notes
Turn   | Place    | Note
-------+----------+-------------------------------------------
     0 | D:1      | YordlordTheGreat the Felid Transmuter began the quest for
                  | the Orb.
     0 | D:1      | Reached XP level 1. HP: 9/9 MP: 4/4
   198 | D:1      | Reached XP level 2. HP: 12/12 MP: 6/6
   381 | D:1      | Learned a level 2 spell: Wereblood
   384 | D:1      | Learned a level 2 spell: Blink
   898 | D:2      | Reached XP level 3. HP: 15/15 MP: 5/7
  1050 | D:2      | Found an ancient bone altar of Kikubaaqudgha.
  1176 | D:2      | Reached skill level 1 in Translocations
  1374 | D:2      | Reached XP level 4. HP: 14/19 MP: 4/8
  1380 | D:2      | Killed from afar by an orc wizard
  1381 | D:2      | Reached XP level 3. HP: 0/16 MP: 5/7
  1685 | D:3      | Found a sparkling altar of Nemelex Xobeh.
  1692 | D:3      | Reached XP level 4. HP: 19/19 MP: 6/8
  1845 | D:3      | Noticed Natasha
  1855 | D:3      | Killed Natasha
  1911 | D:3      | Noticed Natasha
  1919 | D:3      | Killed Natasha
  1971 | D:3      | Noticed Natasha
  1979 | D:3      | Killed Natasha
  1980 | D:3      | Reached XP level 5. HP: 14/22 MP: 9/9
  2030 | D:3      | Found a white marble altar of Elyvilon.
  2385 | D:4      | Learned a level 4 spell: Ice Form
  2422 | D:4      | Noticed an orc warrior
  2456 | D:4      | Killed an orc warrior
  2457 | D:4      | Gained mutation: You are covered in thick fur. (AC +2)
                  | [Felid growth]
  2457 | D:4      | Reached XP level 6. HP: 23/27 MP: 5/11
  2584 | D:4      | Reached skill level 5 in Unarmed Combat
  2881 | D:4      | Found a broken altar of Ashenzari.
  3033 | D:4      | Found a blossoming altar of Fedhas.
  3472 | D:5      | Entered Level 5 of the Dungeon
  3518 | D:5      | Reached skill level 1 in Ice Magic
  3532 | D:5      | Reached XP level 7. HP: 10/30 MP: 9/12
  3908 | D:5      | Reached XP level 8. HP: 9/33 MP: 7/13
  3908 | D:5      | Slain by a wight
  3909 | D:5      | Reached XP level 7. HP: -4/30 MP: 7/12
  4366 | D:6      | Reached skill level 5 in Dodging
  4760 | D:6      | Reached skill level 5 in Transmutations
  4890 | D:6      | Found a staircase to the Ecumenical Temple.
  4899 | Temple   | Entered the Ecumenical Temple
  4899 | Temple   | Found a transporter.
  4899 | Temple   | Found a transporter.
  4901 | Temple   | Found a transporter.
  4901 | Temple   | Found a transporter.
  4927 | Temple   | Became a worshipper of Cheibriados the Contemplative
  5062 | D:6      | Reached XP level 8. HP: 20/36 MP: 5/14
  5512 | D:6      | Noticed Blork the orc
  5520 | D:6      | Killed Blork the orc
  5521 | D:6      | Reached skill level 1 in Invocations
  5949 | D:7      | Noticed Prince Ribbit
  5956 | D:7      | Killed Prince Ribbit
  5966 | D:7      | Reached * piety under Cheibriados
  5982 | D:7      | Reached XP level 9. HP: 21/39 MP: 9/16
  6280 | D:7      | Found a flagged portal.
  6294 | Bailey   | Entered a bailey
  6322 | Bailey   | Learned a level 2 spell: Momentum Strike
  6326 | Bailey   | Learned a level 3 spell: Teleport Other
  6347 | Bailey   | Learned a level 2 spell: Lesser Beckoning
  6470 | Bailey   | Noticed a two-headed ogre
  6480 | Bailey   | Killed a two-headed ogre
  6481 | Bailey   | Reached XP level 10. HP: 20/43 MP: 11/17
  6585 | Bailey   | Reached skill level 5 in Fighting
  6813 | D:7      | Reached ** piety under Cheibriados
  7076 | D:7      | Reached skill level 10 in Unarmed Combat
  7252 | D:7      | Found a hide-covered altar of Uskayaw.
  7728 | D:7      | Found a bloodstained altar of Trog.
  8115 | D:8      | Reached *** piety under Cheibriados
  8116 | D:8      | Reached skill level 5 in Spellcasting
  8332 | D:8      | Found an ancient bone altar of Kikubaaqudgha.
  8332 | D:8      | Found a faded altar of an unknown god.
  8332 | D:8      | Noticed Pikel
  8352 | D:8      | Killed Pikel
  8382 | D:8      | Found a faded altar of an unknown god.
  8384 | D:8      | Found a stormy altar of Qazlal.
  8385 | D:8      | Found a shimmering blue altar of Sif Muna.
  8416 | D:8      | Found Anajon's General Store.
  8420 | D:8      | Identified the +9 scale mail "Xioduen" {*Slow rF- rN+++
                  | Regen+}
  8432 | D:8      | Bought a scroll of blinking for 112 gold pieces
  8432 | D:8      | Bought a scroll of identify for 30 gold pieces
  8559 | D:8      | Identified the +1 robe of the Cricket {Str+4 Int-3}
  8583 | D:8      | Noticed Erica
  8595 | D:8      | Killed Erica
  8891 | D:9      | Noticed a two-headed ogre
  8953 | D:9      | Found a basalt altar of Yredelemnul.
  8993 | D:9      | Found a hide-covered altar of Uskayaw.
  9104 | D:9      | Reached XP level 11. HP: 48/48 MP: 14/19
  9125 | D:9      | Reached **** piety under Cheibriados
  9299 | D:9      | Noticed a two-headed ogre
  9338 | D:9      | Killed a two-headed ogre
  9381 | D:9      | Killed a two-headed ogre
  9796 | D:9      | Found a staircase to the Orcish Mines.
  9811 | D:9      | Reached ***** piety under Cheibriados
 10130 | D:10     | Entered Level 10 of the Dungeon
 10162 | D:10     | Found a staircase to the Lair.
 10773 | D:10     | Found an opulent altar of Gozag.
 10841 | D:10     | Reached skill level 5 in Invocations
 10965 | Lair:1   | Entered Level 1 of the Lair of Beasts
 10994 | Lair:1   | Reached skill level 5 in Translocations
 11302 | Lair:1   | Reached skill level 1 in Evocations
 11710 | Lair:1   | Noticed an oklob plant
 11785 | Lair:1   | Gained mutation: Your thick and shaggy fur keeps you warm.
                  | (AC +3, rC+) [Felid growth]
 11785 | Lair:1   | Reached XP level 12. HP: 53/53 MP: 15/21
 12511 | Lair:2   | Found a staircase to the Snake Pit.
 12520 | Lair:2   | Reached skill level 10 in Dodging
 12586 | Lair:2   | Reached ****** piety under Cheibriados
 12645 | Lair:2   | Found a staircase to the Shoals.
 13045 | Lair:2   | Noticed Urug
 13064 | Lair:2   | Killed Urug
 13299 | Lair:2   | Learned a level 4 spell: Passage of Golubria
 13658 | Lair:3   | Noticed a five-headed hydra
 13668 | Lair:3   | Killed a five-headed hydra
 14081 | Lair:3   | Reached XP level 13. HP: 57/57 MP: 17/23
 14937 | Lair:4   | Noticed Rupert
 14944 | Lair:4   | Killed Rupert
 15094 | Lair:4   | Reached skill level 15 in Unarmed Combat
 15177 | Lair:4   | Found a dark tunnel.
 15189 | Volcano  | Entered a volcano
 15663 | Lair:5   | Entered Level 5 of the Lair of Beasts
 16201 | Lair:5   | Found a runed translucent door.
 16253 | Lair:5   | Reached skill level 5 in Evocations
 16578 | Lair:5   | Found a staircase to the Slime Pits.
 16750 | Lair:5   | Reached XP level 14. HP: 42/63 MP: 9/24
 17401 | Orc:1    | Entered Level 1 of the Orcish Mines
 17522 | Orc:1    | Noticed Fannar
 17532 | Orc:1    | Killed Fannar
 17785 | Orc:1    | Found a shimmering blue altar of Sif Muna.
 17905 | Orc:2    | Entered Level 2 of the Orcish Mines
 18023 | Orc:2    | Found a staircase to the Elven Halls.
 18245 | Orc:2    | Found Zicy Juw's General Store.
 18277 | Orc:2    | Found Ygudez's Distillery.
 18606 | Orc:2    | Learned a level 3 spell: Gell's Gravitas
 18704 | Orc:2    | Bought a scroll of identify for 26 gold pieces
 18704 | Orc:2    | Bought a potion of ambrosia for 104 gold pieces
 18704 | Orc:2    | Bought a scroll of identify for 26 gold pieces
 18708 | Orc:2    | Bought a potion of experience for 650 gold pieces
 18708 | Orc:2    | Reached XP level 15. HP: 67/67 MP: 24/27
 19437 | Orc:2    | Found Vaho's Antique Armour Shoppe.
 19437 | Orc:2    | Found a one-way gate leading to the halls of Pandemonium.
 19437 | Orc:2    | Found Ahoexise's Book Emporium.
 19447 | Orc:2    | Bought a book of the Earth for 504 gold pieces
 19566 | Orc:2    | Learned a level 6 spell: Statue Form
 20627 | D:12     | Reached skill level 1 in Earth Magic
 21989 | Snake:1  | Entered Level 1 of the Snake Pit
 22454 | Snake:1  | Reached XP level 16. HP: 72/72 MP: 23/29
 22566 | Snake:1  | Gained mutation: You sometimes lose your temper in combat.
                  | [mutagenic glow]
 23680 | Snake:2  | Reached skill level 10 in Transmutations
 23910 | Snake:2  | Noticed Vashnia
 24273 | Shoals:1 | Entered Level 1 of the Shoals
 24371 | Shoals:1 | Found a shimmering altar of Xom.
 24379 | Shoals:1 | Noticed a kraken
 24831 | Shoals:1 | Lost mutation: You sometimes lose your temper in combat.
                  | [potion of mutation]
 24831 | Shoals:1 | Gained mutation: You occasionally lose the ability to drink
                  | potions when taking damage. [potion of mutation]
 24831 | Shoals:1 | Gained mutation: Your flesh is heat resistant. (rF+)
                  | [potion of mutation]
 26796 | Shoals:3 | Noticed Ilsuiw
 26809 | Shoals:3 | Killed Ilsuiw
 27329 | Shoals:3 | Found Nidda's Island Escapes.
 27577 | Shoals:3 | Bought a scroll of fog for 60 gold pieces
 28318 | Snake:2  | Reached XP level 17. HP: 76/76 MP: 24/30
 28499 | Snake:2  | Killed Vashnia
 28500 | Snake:2  | Reached skill level 10 in Fighting
 30356 | Snake:3  | Identified the +1 mace "Irchotov" {drain, Int+2}
 30623 | Snake:3  | Identified a scroll of acquirement
 30624 | Snake:3  | Acquired the ring of Opiy {rCorr Dex+3 Slay+5}
 30654 | Snake:3  | Upgraded the game from 0.30.1-9-gdf580d7c3d to
                  | 0.30.1-11-g7821555f0a
 30664 | Snake:4  | Entered Level 4 of the Snake Pit
 30684 | Snake:4  | Found a radiant altar of Vehumet.
 31386 | Snake:4  | Reached skill level 5 in Earth Magic
 31835 | Snake:4  | Reached skill level 15 in Dodging
 31871 | Snake:4  | Reached skill level 10 in Invocations
 31878 | Snake:4  | Reached XP level 18. HP: 81/81 MP: 17/31
 31881 | Snake:4  | Reached skill level 10 in Evocations
 31891 | Snake:4  | Got a serpentine rune of Zot
 32407 | Shoals:4 | Entered Level 4 of the Shoals
 32515 | Shoals:4 | Paralysed by an air elemental for 1 turns
 32934 | Shoals:4 | Identified the +0 war axe "Erufawk" {flame, Str+6 Int+3
                  | Dex-2}
 33468 | Shoals:4 | Paralysed by an air elemental for 1 turns
 33506 | Shoals:4 | Got a barnacled rune of Zot
 34057 | D:13     | Noticed Nessos
 34061 | D:13     | Killed Nessos
 34087 | D:13     | Noticed Maurice
 34089 | D:13     | Killed Maurice
 34596 | D:13     | Noticed Josephine
 34603 | D:13     | Killed Josephine
 34891 | D:13     | Found Gapn's Weapon Shop.
 35000 | D:14     | Found a gate to the Vaults.
 35150 | D:14     | Identified the +5 dagger of Dullness {antimagic, +Blink}
 35314 | D:14     | Found a gate leading to a gauntlet.
 35327 | Gauntlet | Entered a Gauntlet
 35327 | Gauntlet | Found a transporter.
 35327 | Gauntlet | Found a transporter.
 35327 | Gauntlet | Found a transporter.
 35337 | Gauntlet | Found a transporter.
 35347 | Gauntlet | Found a transporter.
 35363 | Gauntlet | Found a transporter.
 35375 | Gauntlet | Found a transporter.
 35390 | Gauntlet | Found a transporter.
 35398 | Gauntlet | Found a transporter.
 35411 | Gauntlet | Found a large runed translucent door.
 35412 | Gauntlet | Found a large runed translucent door.
 35413 | Gauntlet | Found a large runed translucent door.
 35413 | Gauntlet | Found a large runed translucent door.
 35414 | Gauntlet | Found a runed translucent gate.
 35415 | Gauntlet | Found a transporter.
 35415 | Gauntlet | Found a runed translucent gate.
 35416 | Gauntlet | Found a runed translucent gate.
 35417 | Gauntlet | Found a large runed translucent door.
 35417 | Gauntlet | Found a large runed translucent door.
 35419 | Gauntlet | Found a large runed translucent door.
 35419 | Gauntlet | Found a large runed translucent door.
 35419 | Gauntlet | Found a runed translucent door.
 35420 | Gauntlet | Found a large runed translucent door.
 35421 | Gauntlet | Found a large runed translucent door.
 35427 | Gauntlet | Found a transporter.
 35463 | Gauntlet | Found a transporter.
 35465 | Gauntlet | Found a large runed translucent door.
 35466 | Gauntlet | Found a large runed translucent door.
 35467 | Gauntlet | Found a large runed translucent door.
 35467 | Gauntlet | Found a large runed translucent door.
 35467 | Gauntlet | Found a runed translucent door.
 35470 | Gauntlet | Found a large runed translucent door.
 35470 | Gauntlet | Found a large runed translucent door.
 35684 | Gauntlet | Identified the ring "Zaimnyh" {rC+ Str+3 Stlth+}
 35798 | Gauntlet | Identified the +4 glaive "Omunk" {drain, Fly Will- Str+6}
 35798 | Gauntlet | Identified the ring of Osurchom {rPois Will+ rCorr AC+4}
 35820 | Gauntlet | Got the Omnibus of the Morbid Black Widow
 36027 | D:14     | Found a shadowy altar of Dithmenos.
 36453 | D:15     | Entered Level 15 of the Dungeon
 36816 | D:15     | Reached XP level 19. HP: 86/86 MP: 22/32
 37031 | D:15     | Found a staircase to the Depths.
 37349 | Vaults:1 | Entered Level 1 of the Vaults
 37835 | Vaults:1 | Noticed Nikola
 37843 | Vaults:1 | Killed Nikola
 37863 | Vaults:1 | Found a flickering gateway to a bazaar.
 37872 | Bazaar   | Entered a bazaar
 37872 | Bazaar   | Found Pelum's Jewellery Shoppe.
 37872 | Bazaar   | Found Unkepom's Book Boutique.
 37872 | Bazaar   | Found Jamo Yrch's Antique Armour Shoppe.
 37872 | Bazaar   | Found Ublono's Antique Armour Shop.
 37886 | Bazaar   | Found Kidothrepid's Assorted Antiques.
 37914 | Bazaar   | Bought a scroll of amnesia for 112 gold pieces
 37914 | Bazaar   | Bought a potion of mutation for 224 gold pieces
 39486 | Vaults:2 | Found Anofek's Antique Weapon Shop.
 39713 | Vaults:2 | Found a staircase to the Crypt.
 39718 | Vaults:2 | Reached XP level 20. HP: 91/91 MP: 27/33
 42719 | Depths:1 | Entered Level 1 of the Depths
 42832 | Depths:1 | Reached XP level 21. HP: 96/96 MP: 34/34
 43003 | Depths:1 | Found an ornate altar of the Wu Jian Council.
 43040 | Depths:1 | Found a gateway to Hell.
 43069 | Depths:1 | Noticed a caustic shrike
 43073 | Depths:1 | Killed a caustic shrike
 43776 | Depths:1 | Learned a level 5 spell: Lee's Rapid Deconstruction
 43783 | Depths:1 | Learned a level 6 spell: Dispersal
 44086 | Depths:2 | Noticed a caustic shrike
 44094 | Depths:2 | Killed a caustic shrike
 44421 | Depths:2 | Found an ancient bone altar of Kikubaaqudgha.
 44683 | Depths:2 | Identified the amulet of Enwil {rF+ Regen+ Str+3}
 45247 | Depths:2 | Noticed Aizul
 45253 | Depths:2 | Killed Aizul
 45647 | Depths:3 | Reached XP level 22. HP: 102/102 MP: 22/35
 45647 | Depths:3 | Noticed Parghit
 45659 | Depths:3 | Killed Parghit
 45663 | Depths:3 | Found a one-way gateway to a ziggurat.
 45664 | Depths:3 | Paralysed by a floating eye for 2 turns
 45684 | Depths:3 | Paralysed by a floating eye for 4 turns
 45687 | Depths:3 | Paralysed by a floating eye for 2 turns
 45692 | Depths:3 | Paralysed by a floating eye for 4 turns
 45838 | Depths:3 | Gained mutation: Your magical capacity is low. (-10% MP) [a
                  | shining eye]
 45851 | Depths:3 | Noticed a juggernaut
 45853 | Depths:3 | Noticed a juggernaut
 45853 | Depths:3 | Identified the +1 robe of Classification {Harm rN+++ Str+4
                  | Int-3}
 45865 | Depths:3 | Killed a juggernaut
 45936 | Depths:3 | Killed a juggernaut
 46064 | Depths:3 | Identified the +7 hand axe of Propriety {holy, rPois rC+
                  | Will-}
 46402 | Depths:3 | Found a one-way gate to the infinite horrors of the Abyss.
 46644 | Depths:4 | Entered Level 4 of the Depths
 47211 | Depths:4 | Noticed a caustic shrike
 47215 | Depths:4 | Killed a caustic shrike
 47352 | Depths:4 | Reached XP level 23. HP: 106/106 MP: 27/32
 47353 | Depths:4 | Noticed Jory
 47359 | Depths:4 | Killed Jory
 47383 | Depths:4 | Identified the ring "Kaziad" {rN+ Will++ rCorr}
 47558 | Depths:4 | Found the +10 dark maul {heavy}
 47698 | Depths:4 | Found a gate to the Realm of Zot.
 47973 | Depths:4 | Got Appig's Teachings on Ghastly Ignition
 48405 | Elf:1    | Entered Level 1 of the Elven Halls
 48482 | Elf:1    | Found Hugrewus's General Store.
 48506 | Elf:1    | Noticed Louise
 48519 | Elf:1    | Killed Louise
 49047 | Elf:2    | Found Cualic Qusu's Assorted Antiques.
 49052 | Elf:2    | Bought 2 scrolls of fog for 208 gold pieces
 49150 | Elf:2    | Noticed Zenata
 49157 | Elf:2    | Killed Zenata
 49164 | Elf:2    | Identified the +4 mace of Judgement {drain, Dex+4}
 49433 | Elf:2    | Found a runed translucent gate.
 49434 | Elf:2    | Found a runed translucent gate.
 49434 | Elf:2    | Found a runed translucent gate.
 49816 | Elf:2    | Noticed Azrael
 49823 | Elf:2    | Killed Azrael
 50125 | Elf:3    | Entered Level 3 of the Elven Halls
 50822 | Elf:3    | Reached skill level 10 in Spellcasting
 50864 | Elf:3    | Reached XP level 24. HP: 112/112 MP: 15/34
 50971 | Elf:3    | Learned a level 5 spell: Borgnjor's Vile Clutch
 50979 | Elf:3    | Reached skill level 27 in Unarmed Combat
 51016 | Elf:3    | Identified the +0 robe of the Dull Hart {-Tele Harm rPois
                  | Stlth-}
 51146 | Elf:3    | Got Iluzy's Atlas of Baleful Shades
 51155 | Elf:3    | Found the +2 hood of the Assassin {Detect Stab+ Stlth++}
 51157 | Elf:3    | Identified the staff of fire "Counocko" {rPois rF+ rCorr}
 51174 | Elf:3    | Got Sif Muna's Precepts of Bewitchment and Distance
 51578 | Vaults:5 | Entered Level 5 of the Vaults
 51583 | Vaults:5 | Reached skill level 1 in Necromancy
 51597 | Vaults:5 | Reached skill level 15 in Evocations
 51757 | Vaults:4 | Reached skill level 15 in Fighting
 51815 | Vaults:5 | Identified the amulet "Ahasasuam" {Spirit rElec rPois
                  | Stlth-}
 51847 | Vaults:5 | Noticed Margery
 51861 | Vaults:5 | Killed Margery
 51861 | Vaults:5 | Identified the ring of Xom's Capriciousness {Will++ EV+5
                  | Str+3}
 52285 | Vaults:5 | Identified the ring of Division {*Corrode rN+ Will+ Str+2
                  | Dex+6}
 52285 | Vaults:5 | Identified the +6 long sword of Histila {drain, Fragile
                  | +Blink rN+ Will++ rCorr Dex+4}
 52288 | Vaults:5 | Noticed Xtahua
 52292 | Vaults:5 | Killed Xtahua
 52296 | Vaults:5 | Identified the staff of cold "Giriffer" {rC+ Will+ rCorr
                  | Str+3 Int+3}
 52435 | Vaults:5 | Got a silver rune of Zot
 52628 | Vaults:5 | Identified the staff of fire "Eseupetu" {rF+ Will+ Int+3
                  | Dex-3}
 53151 | Crypt:1  | Entered Level 1 of the Crypt
 53547 | Crypt:1  | Reached XP level 25. HP: 117/117 MP: 34/35
 53685 | Crypt:1  | Noticed Mennas
 53691 | Crypt:1  | Killed Mennas
 53710 | Crypt:1  | Reached skill level 5 in Necromancy
 54002 | Crypt:2  | Reached skill level 10 in Earth Magic
 54410 | Crypt:3  | Entered Level 3 of the Crypt
 54476 | Crypt:3  | Learned a level 4 spell: Animate Dead
 54512 | Crypt:3  | Found a staircase to the Tomb.
 54789 | Crypt:3  | Noticed Vv
 54798 | Crypt:3  | Killed Vv
 54799 | Crypt:3  | Reached skill level 27 in Dodging
 54895 | Crypt:3  | Found a basalt altar of Yredelemnul.
 54911 | Crypt:3  | Identified the ring of Fragile Peace {rN+ SInv}
 54911 | Crypt:3  | Identified the ring "Taawkaan" {rN+ Dex+3 Slay+3}
 55159 | Crypt:3  | Noticed a dread lich
 55173 | Crypt:3  | Killed a dread lich
 55201 | Crypt:3  | Got the Directory of Degeneration and Pyromancy
 55246 | Crypt:3  | Noticed Bai Suzhen
 55254 | Crypt:3  | Killed Bai Suzhen
 55257 | Crypt:3  | Reached skill level 15 in Transmutations
 55793 | Slime:1  | Entered Level 1 of the Pits of Slime
 56541 | Slime:2  | You fall into a shaft and drop 1 floor!
 56591 | Slime:4  | Reached XP level 26. HP: 123/123 MP: 36/36
 56731 | Slime:5  | Entered Level 5 of the Pits of Slime
 56756 | Slime:5  | Noticed the Royal Jelly
 56756 | Slime:5  | Gained mutation: You are clumsy. (Dex -2) [a shining eye]
 56763 | Slime:5  | Killed the Royal Jelly
 56875 | Slime:5  | Got the Book of Glamour and Allies
 56886 | Slime:5  | Identified the staff of cold "Beome" {Drain rF+ rC+ rN+
                  | Str+2 Dex+2}
 56898 | Slime:5  | Got a slimy rune of Zot
 56910 | Slime:5  | Identified the +0 falchion of the Real Monster {flame,
                  | Int+2}
 56961 | Slime:5  | Gained mutation: You are weak. (Str -2) [a shining eye]
 57444 | Lair:5   | Lost mutation: Your flesh is heat resistant. (rF+) [potion
                  | of mutation]
 57444 | Lair:5   | Lost mutation: Your magical capacity is low. (-10% MP)
                  | [potion of mutation]
 57444 | Lair:5   | Lost mutation: You are weak. (Str -2) [potion of mutation]
 57444 | Lair:5   | Gained mutation: Your body sometimes deteriorates upon
                  | taking damage. [potion of mutation]
 57444 | Lair:5   | Lost mutation: You are clumsy. (Dex -2) [potion of
                  | mutation]
 57444 | Lair:5   | Gained mutation: You are resistant to electric shocks.
                  | (rElec) [potion of mutation]
 57445 | Lair:5   | Lost mutation: Your body sometimes deteriorates upon taking
                  | damage. [potion of mutation]
 57445 | Lair:5   | Lost mutation: You are resistant to electric shocks.
                  | (rElec) [potion of mutation]
 57445 | Lair:5   | Gained mutation: You are partially covered in iridescent
                  | scales. (AC +2) [potion of mutation]
 57445 | Lair:5   | Gained mutation: Your body sometimes deteriorates upon
                  | taking damage. [potion of mutation]
 57445 | Lair:5   | Gained mutation: You passively dampen the noise of your
                  | surroundings. [potion of mutation]
 57446 | Lair:5   | Lost mutation: Your body sometimes deteriorates upon taking
                  | damage. [potion of mutation]
 57446 | Lair:5   | Lost mutation: You are partially covered in iridescent
                  | scales. (AC +2) [potion of mutation]
 57446 | Lair:5   | Gained mutation: Your mind is acute. (Int +4, Str/Dex -1)
                  | [potion of mutation]
 57446 | Lair:5   | Lost mutation: Your mind is acute. (Int +4, Str/Dex -1)
                  | [potion of mutation]
 57446 | Lair:5   | Gained mutation: You passively map a small area around you.
                  | [potion of mutation]
 57446 | Lair:5   | Gained mutation: You have a pair of small horns on your
                  | head. [potion of mutation]
 57858 | Zot:1    | Entered Level 1 of the Realm of Zot
 57984 | Zot:1    | Noticed an orb of fire
 57989 | Zot:1    | Gained mutation: You are frail. (-10% HP) [an orb of fire]
 57991 | Zot:1    | Killed an orb of fire
 58172 | Zot:1    | Found a transporter.
 58178 | Zot:1    | Found a transporter.
 58215 | Zot:1    | Found a transporter.
 58260 | Zot:1    | Found a transporter.
 58864 | Zot:2    | Noticed an orb of fire
 58895 | Zot:2    | HP: 2/144 [orb of fire/fireball (64)]
 58898 | Zot:2    | Killed from afar by an orb of fire
 58899 | Zot:2    | Reached XP level 25. HP: -59/140 MP: 24/41
 58912 | Zot:2    | Killed from afar by an orb of fire
 58913 | Zot:2    | Reached XP level 24. HP: -20/133 MP: 37/41
 59076 | Zot:2    | Acquired 403 gold pieces
 59125 | Zot:2    | Gained mutation: You do not regenerate when monsters are
                  | visible. [an orb of fire]
 59126 | Zot:2    | Gained mutation: You have hidden genetic defects. [an orb
                  | of fire]
 59126 | Zot:2    | Gained mutation: You occasionally shout uncontrollably at
                  | your foes. [an orb of fire]
 59133 | Zot:2    | Killed an orb of fire
 59203 | Zot:2    | Lost mutation: You occasionally shout uncontrollably at
                  | your foes. [potion of mutation]
 59203 | Zot:2    | Lost mutation: You passively map a small area around you.
                  | [potion of mutation]
 59203 | Zot:2    | Lost mutation: You have a pair of small horns on your head.
                  | [potion of mutation]
 59203 | Zot:2    | Gained mutation: Your mind is acute. (Int +4, Str/Dex -1)
                  | [potion of mutation]
 59204 | Zot:2    | Lost mutation: You have hidden genetic defects. [potion of
                  | mutation]
 59204 | Zot:2    | Lost mutation: Your mind is acute. (Int +4, Str/Dex -1)
                  | [potion of mutation]
 59204 | Zot:2    | Lost mutation: You passively dampen the noise of your
                  | surroundings. [potion of mutation]
 59204 | Zot:2    | Lost mutation: You occasionally lose the ability to drink
                  | potions when taking damage. [potion of mutation]
 59204 | Zot:2    | Gained mutation: You have a pair of small horns on your
                  | head. [potion of mutation]
 59204 | Zot:2    | Gained mutation: You have a pair of horns on your head.
                  | [potion of mutation]
 59205 | Zot:2    | Lost mutation: You are frail. (-10% HP) [potion of
                  | mutation]
 59205 | Zot:2    | Lost mutation: You do not regenerate when monsters are
                  | visible. [potion of mutation]
 59205 | Zot:2    | Lost mutation: You have a pair of horns on your head.
                  | [potion of mutation]
 59205 | Zot:2    | Lost mutation: You have a pair of small horns on your head.
                  | [potion of mutation]
 59205 | Zot:2    | Gained mutation: You are weak. (Str -2) [potion of
                  | mutation]
 59951 | Zot:4    | Found a transporter.
 59966 | Zot:4    | Found a transporter.
 59968 | Zot:4    | Found a transporter.
 59968 | Zot:4    | Found a transporter.
 60241 | Zot:4    | Reached XP level 25. HP: 120/120 MP: 42/42
 60285 | Zot:4    | Noticed an orb of fire
 60722 | Zot:4    | Killed an orb of fire
 61760 | Depths:2 | Acquired 744 gold pieces
 61770 | Depths:2 | Learned a level 5 spell: Alistair's Intoxication
 61771 | Pan      | Entered Pandemonium
 62079 | Pan      | Noticed Uwoschistre the pandemonium lord
 62088 | Pan      | Killed Uwoschistre the pandemonium lord
 62217 | Pan      | Gained mutation: You occasionally lose the ability to drink
                  | potions when taking damage. [a neqoxec]
 62278 | Pan      | Noticed Tasm the pandemonium lord
 62282 | Pan      | Reached skill level 15 in Spellcasting
 62288 | Pan      | Killed Tasm the pandemonium lord
 62402 | Pan      | Found a runed translucent door.
 62412 | Pan      | Got a demonic rune of Zot
 62805 | Pan      | Reached skill level 10 in Necromancy
 62859 | Pan      | Found an exit through the horrors of the Abyss.
 63048 | Pan      | Found a runed translucent door.
 63052 | Pan      | Found a runed translucent door.
 63054 | Pan      | Found a runed translucent door.
 63059 | Pan      | Found a runed translucent door.
 63062 | Pan      | Noticed Giommaud the pandemonium lord
 63070 | Pan      | Killed Giommaud the pandemonium lord
 63318 | Pan      | Learned a level 4 spell: Manifold Assault
 63627 | Pan      | Found an exit through the horrors of the Abyss.
 64225 | Pan      | Noticed Eckel the pandemonium lord
 64228 | Pan      | HP: 6/157 [Brimstone Fiend/damnation (26)]
 64272 | Pan      | Killed Eckel the pandemonium lord
 64373 | Pan      | Identified the +9 great mace "Puraca" {heavy, rN++ Str-5}
 64424 | Pan      | Learned a level 8 spell: Necromutation
 64536 | Pan      | Gained mutation: You are frail. (-10% HP) [a cacodemon]
 64772 | Pan      | Reached XP level 26. HP: 113/113 MP: 43/43
 64846 | Pan      | Found an exit through the horrors of the Abyss.
 64920 | Pan      | Noticed Boplo the pandemonium lord
 64922 | Pan      | Killed Boplo the pandemonium lord
 64998 | Pan      | Noticed Ignacio
 65017 | Pan      | Found a transporter.
 65060 | Pan      | Acquired a book of the Dragon
 65070 | Pan      | Entered the realm of Mnoleg.
 65092 | Pan      | Gained mutation: Your magical capacity is low. (-10% MP) [a
                  | cacodemon]
 65362 | Pan      | Gained mutation: You have hidden genetic defects. [a
                  | cacodemon]
 65362 | Pan      | Lost mutation: You have hidden genetic defects. [a
                  | cacodemon]
 65467 | Pan      | Gained mutation: You do not regenerate when monsters are
                  | visible. [a shining eye]
 65473 | Pan      | Lost mutation: You occasionally lose the ability to drink
                  | potions when taking damage. [potion of mutation]
 65473 | Pan      | Lost mutation: You do not regenerate when monsters are
                  | visible. [potion of mutation]
 65473 | Pan      | Lost mutation: Your magical capacity is low. (-10% MP)
                  | [potion of mutation]
 65473 | Pan      | Gained mutation: You are partially covered in iridescent
                  | scales. (AC +2) [potion of mutation]
 65500 | Pan      | Paralysed by a floating eye for 4 turns
 65505 | Pan      | Gained mutation: You are dopey. (Int -2) [a neqoxec]
 65507 | Pan      | Reached skill level 15 in Earth Magic
 65510 | Pan      | Paralysed by a floating eye for 2 turns
 65515 | Pan      | Paralysed by a floating eye for 4 turns
 65523 | Pan      | Gained mutation: You are very frail. (-20% HP) [a neqoxec]
 65535 | Pan      | Gained mutation: Your body sometimes deteriorates upon
                  | taking damage. [a neqoxec]
 65548 | Pan      | Lost mutation: You are partially covered in iridescent
                  | scales. (AC +2) [potion of mutation]
 65548 | Pan      | Lost mutation: You are weak. (Str -2) [potion of mutation]
 65548 | Pan      | Lost mutation: Your body sometimes deteriorates upon taking
                  | damage. [potion of mutation]
 65548 | Pan      | Gained mutation: You have an increased reservoir of magic.
                  | (+10% MP) [potion of mutation]
 65548 | Pan      | Gained mutation: You have a pair of small horns on your
                  | head. [potion of mutation]
 65615 | Pan      | Noticed Mnoleg
 65622 | Pan      | Gained mutation: You occasionally shout uncontrollably at
                  | your foes. [a shining eye]
 65627 | Pan      | Killed Mnoleg
 65627 | Pan      | Lost mutation: You are dopey. (Int -2) [a cacodemon]
 65649 | Pan      | Gained mutation: You are vulnerable to cold. (rC-) [a
                  | neqoxec]
 65850 | Pan      | Got a glowing rune of Zot
 65875 | Pan      | Identified the staff of poison "Wompizia" {rPois rN+ Int+2
                  | Dex+2}
 66062 | Pan      | Lost mutation: You have a pair of small horns on your head.
                  | [potion of mutation]
 66062 | Pan      | Lost mutation: You have an increased reservoir of magic.
                  | (+10% MP) [potion of mutation]
 66062 | Pan      | Lost mutation: You are very frail. (-20% HP) [potion of
                  | mutation]
 66062 | Pan      | Gained mutation: You do not regenerate when monsters are
                  | visible. [potion of mutation]
 66062 | Pan      | Gained mutation: You are agile. (Dex +4, Str/Int -1)
                  | [potion of mutation]
 66063 | Pan      | Lost mutation: You occasionally shout uncontrollably at
                  | your foes. [potion of mutation]
 66063 | Pan      | Lost mutation: You are vulnerable to cold. (rC-) [potion of
                  | mutation]
 66063 | Pan      | Lost mutation: You are agile. (Dex +4, Str/Int -1) [potion
                  | of mutation]
 66063 | Pan      | Gained mutation: You occasionally lose the ability to read
                  | scrolls when taking damage. [potion of mutation]
 66063 | Pan      | Gained mutation: You are dopey. (Int -2) [potion of
                  | mutation]
 66064 | Pan      | Lost mutation: You are frail. (-10% HP) [potion of
                  | mutation]
 66064 | Pan      | Lost mutation: You are dopey. (Int -2) [potion of mutation]
 66064 | Pan      | Lost mutation: You do not regenerate when monsters are
                  | visible. [potion of mutation]
 66064 | Pan      | Gained mutation: You are agile. (Dex +4, Str/Int -1)
                  | [potion of mutation]
 66064 | Pan      | Gained mutation: A frigid envelope surrounds you and
                  | freezes all who hurt you. [potion of mutation]
 66064 | Pan      | Gained mutation: You passively map a small area around you.
                  | [potion of mutation]
 66077 | Pan      | Entered the realm of Gloorx Vloq.
 66495 | Pan      | Noticed Gloorx Vloq
 66504 | Pan      | Killed Gloorx Vloq
 66556 | Pan      | Got a dark rune of Zot
 66716 | Pan      | Found an exit through the horrors of the Abyss.
 67089 | Pan      | Entered the realm of Cerebov.
 67263 | Pan      | Reached XP level 27. HP: 131/131 MP: 45/45
 67268 | Pan      | Found the +6 sword of Cerebov {flame}
 67268 | Pan      | Noticed Cerebov
 67384 | Pan      | Killed Cerebov
 67409 | Pan      | Got a fiery rune of Zot
 67426 | Pan      | Identified the amulet of the Komtur {Spirit rF- Regen+
                  | Dex+5}
 67458 | Pan      | Identified the +3 falchion of Dividends {heavy, Fragile
                  | rPois Will+++ MP+9}
 68165 | Pan      | Gained mutation: Your magical capacity is low. (-10% MP) [a
                  | cacodemon]
 68175 | Pan      | Noticed Omumeag the pandemonium lord
 68184 | Pan      | Killed Omumeag the pandemonium lord
 68220 | Pan      | Identified the +1 helmet of the Four Artists {rElec rPois
                  | Int-3}
 68659 | Pan      | Noticed Xiykask the pandemonium lord
 68668 | Pan      | Killed Xiykask the pandemonium lord
 68712 | Pan      | Found an exit through the horrors of the Abyss.
 68795 | Pan      | Found an exit through the horrors of the Abyss.
 68943 | Pan      | Entered the realm of Lom Lobon.
 68944 | Pan      | Found an exit through the horrors of the Abyss.
 69500 | Pan      | Noticed Lom Lobon
 69517 | Pan      | Killed Lom Lobon
 69573 | Pan      | Got a magical rune of Zot
 70055 | Pan      | Took an exit into the Abyss.
 70055 | Abyss:1  | Escaped into the Abyss
 70085 | Abyss:1  | Found a corrupted altar of Lugonu.
 70133 | Abyss:1  | Found a corrupted altar of Lugonu.
 70430 | Abyss:2  | Found a corrupted altar of Lugonu.
 70704 | Abyss:2  | Found a corrupted altar of Lugonu.
 70732 | Depths:2 | Escaped the Abyss
 70911 | Zot:5    | Entered Level 5 of the Realm of Zot
 71238 | Zot:5    | Noticed an orb of fire
 71251 | Zot:5    | Killed an orb of fire
 71315 | Zot:5    | Noticed an orb of fire
 72249 | Zot:5    | Noticed an orb of fire
 72254 | Zot:5    | Noticed an orb of fire
 72257 | Zot:5    | Gained mutation: Your body sometimes deteriorates upon
                  | taking damage. [an orb of fire]
 72258 | Zot:5    | Killed an orb of fire
 72264 | Zot:5    | Killed an orb of fire
 72295 | Zot:5    | Noticed an orb of fire
 72302 | Zot:5    | Killed an orb of fire
 72323 | Zot:5    | Killed an orb of fire
 72548 | Zot:5    | Identified the +5 falchion of the Butterfly {pain, rElec
                  | rN+ Will- Stlth+}
 72582 | Zot:5    | Learned a level 9 spell: Shatter
 72612 | Zot:5    | Noticed an orb of fire
 72617 | Zot:5    | Killed an orb of fire
 72648 | Zot:5    | Noticed an orb of fire
 72651 | Zot:5    | Noticed an ancient lich
 72652 | Zot:5    | Killed an orb of fire
 72654 | Zot:5    | Killed an ancient lich
 72839 | Zot:5    | Noticed an orb of fire
 72845 | Zot:5    | Killed an orb of fire
 73375 | Depths:4 | Learned a level 6 spell: Death Channel
 73377 | Hell     | Entered the Vestibule of Hell
 73377 | Hell     | Noticed Geryon
 73515 | Hell     | HP: 7/174 [sun demon[a balrug] (3)]
 73515 | Hell     | HP: 1/174 [sun demon[a balrug] (6)]
 73515 | Hell     | Demolished by a hell knight
 73538 | Hell     | Killed Geryon
 73686 | Hell     | Found a gateway to the decaying netherworld of Tartarus.
 73740 | Hell     | Reached skill level 15 in Necromancy
 73777 | Hell     | Found a gateway to the Iron City of Dis.
 73817 | Hell     | Found a gateway to the freezing wastes of Cocytus.
 73891 | Hell     | Found a gateway to the ashen valley of Gehenna.
 74035 | Dis:1    | Entered Level 1 of the Iron City of Dis
 74035 | Dis:1    | You fall into a shaft and drop 1 floor!
 74946 | Dis:7    | Entered Level 7 of the Iron City of Dis
 75016 | Dis:7    | Noticed a dread lich
 75021 | Dis:7    | Killed a dread lich
 75389 | Dis:7    | Noticed a juggernaut
 75392 | Dis:7    | Noticed Dispater
 75399 | Dis:7    | Killed a juggernaut
 75406 | Dis:7    | HP: 2/176 [Dispater/damnation (33)]
 75485 | Dis:7    | Killed Dispater
 75496 | Dis:7    | Got the Lectures on the Sun and Enchantment
 75506 | Dis:7    | Got an iron rune of Zot
 75527 | Dis:7    | Identified the +4 scale mail of Trial and Error {Dex+4}
 75542 | Dis:7    | Identified the +1 scale mail "Vyuvver" {rF+ rC++ rCorr
                  | Dex+3}
 76612 | Dis:7    | Noticed a juggernaut
 76616 | Dis:7    | Killed a juggernaut
 76745 | Dis:7    | Identified the +2 flail "Dethroro" {pain, rPois rCorr
                  | Dex+2}
 76897 | Geh:1    | Entered Level 1 of Gehenna
 78202 | Geh:4    | You fall into a shaft and drop 2 floors!
 78523 | Geh:7    | Entered Level 7 of Gehenna
 78585 | Geh:7    | Noticed the Serpent of Hell
 78594 | Geh:7    | Killed the Serpent of Hell
 78836 | Geh:7    | Found the +13 sceptre of Asmodeus
 78836 | Geh:7    | Noticed Asmodeus
 78864 | Geh:7    | Killed Asmodeus
 78983 | Geh:7    | Got an obsidian rune of Zot
 79751 | Geh:7    | Identified the +5 chain mail "Citzaadu" {+Inv Stlth+}
 80054 | Hell     | Lost mutation: You are agile. (Dex +4, Str/Int -1) [potion
                  | of mutation]
 80054 | Hell     | Lost mutation: You passively map a small area around you.
                  | [potion of mutation]
 80054 | Hell     | Lost mutation: You occasionally lose the ability to read
                  | scrolls when taking damage. [potion of mutation]
 80054 | Hell     | Gained mutation: You are partially covered in iridescent
                  | scales. (AC +2) [potion of mutation]
 80054 | Hell     | Gained mutation: You have a pair of small horns on your
                  | head. [potion of mutation]
 80396 | Hell     | Learned a level 9 spell: Death's Door
 80402 | Coc:1    | Entered Level 1 of Cocytus
 81098 | Coc:3    | Reached skill level 10 in Translocations
 81307 | Coc:3    | Learned a level 8 spell: Lehudib's Crystal Spear
 81400 | Coc:4    | Reached skill level 1 in Conjurations
 81871 | Coc:7    | Entered Level 7 of Cocytus
 82198 | Coc:7    | Identified the ring of the King {Ice Int+2 Dex+3 Stlth+}
 82555 | Coc:7    | Noticed Antaeus
 82564 | Coc:7    | Mangled by Antaeus
 82616 | Coc:7    | Killed Antaeus
 82832 | Coc:7    | Paralysed by a wendigo for 1 turns
 82860 | Coc:7    | Reached skill level 15 in Translocations
 82871 | Coc:7    | Got an icy rune of Zot
 82875 | Coc:7    | Identified the staff of poison "Weirrel" {Fragile rPois rC+
                  | rN+}
 83178 | Tar:1    | Entered Level 1 of Tartarus
 83564 | Tar:3    | Reached skill level 5 in Conjurations
 84131 | Tar:5    | Noticed an ancient lich
 84134 | Tar:5    | Killed an ancient lich
 84598 | Tar:7    | Entered Level 7 of Tartarus
 84685 | Tar:7    | Noticed a dread lich
 84693 | Tar:7    | Killed a dread lich
 84751 | Tar:7    | Noticed Ereshkigal
 84769 | Tar:7    | Killed Ereshkigal
 84773 | Tar:7    | Noticed an ancient lich
 84776 | Tar:7    | Killed an ancient lich
 84838 | Tar:7    | Got a bone rune of Zot
 85062 | Tar:7    | Noticed a dread lich
 85063 | Tar:7    | Noticed an ancient lich
 85067 | Tar:7    | Killed a dread lich
 85068 | Tar:7    | Killed an ancient lich
 85213 | Tar:7    | Identified the +3 flail "Noxkesmi" {heavy, Str+2 SInv}
 85216 | Tar:7    | Identified the ring "Irukuzib" {Ice rPois}
 85236 | Tar:7    | Found the +2 hat of the Bear Spirit {Spirit, Bear, *Rage
                  | Will++}
 85570 | Tar:7    | Found the -2 hat of the Alchemist {rElec rPois rF+ rC+ rN+
                  | Will+ rMut rCorr}
 85599 | Tar:7    | Got the Omnibus of Damaging Fascination
 85663 | Tar:7    | Found the +5 glaive of the Guard {elec, spectral, AC+5}
 86077 | Tomb:1   | Entered Level 1 of the Tomb of the Ancients
 86254 | Tomb:1   | Noticed a royal mummy
 86255 | Tomb:1   | Noticed a royal mummy
 86257 | Tomb:1   | Noticed a royal mummy
 86260 | Tomb:1   | Noticed a royal mummy
 86261 | Tomb:1   | Noticed a royal mummy
 86267 | Tomb:1   | Killed a royal mummy
 86268 | Tomb:1   | Noticed a royal mummy
 86278 | Tomb:1   | Killed a royal mummy
 86283 | Tomb:1   | Killed a royal mummy
 86285 | Tomb:1   | Noticed a royal mummy
 86285 | Tomb:1   | Noticed a royal mummy
 86285 | Tomb:1   | Noticed a royal mummy
 86287 | Tomb:1   | Noticed a royal mummy
 86287 | Tomb:1   | Noticed a royal mummy
 86291 | Tomb:1   | Killed a royal mummy
 86291 | Tomb:1   | Killed by a royal mummy's death curse
 86302 | Tomb:1   | Killed a royal mummy
 86308 | Tomb:1   | Killed a royal mummy
 86316 | Tomb:1   | Killed a royal mummy
 86322 | Tomb:1   | Killed a royal mummy
 86323 | Tomb:1   | Reached skill level 27 in Earth Magic
 86325 | Tomb:1   | Killed a royal mummy
 86325 | Tomb:1   | Killed a royal mummy
 86475 | Tomb:1   | Killed a royal mummy
 86733 | Tomb:1   | Noticed a royal mummy
 86752 | Tomb:1   | Killed a royal mummy
 86798 | Tomb:1   | Noticed a royal mummy
 86804 | Tomb:1   | Killed a royal mummy
 86831 | Tomb:1   | Noticed a royal mummy
 86844 | Tomb:1   | Killed a royal mummy
 86849 | Tomb:1   | Noticed a royal mummy
 86862 | Tomb:1   | Killed a royal mummy
 86895 | Tomb:1   | Noticed a royal mummy
 86901 | Tomb:1   | Killed a royal mummy
 86903 | Tomb:1   | Noticed a royal mummy
 86918 | Tomb:1   | Killed a royal mummy
 86947 | Tomb:1   | Noticed a royal mummy
 86953 | Tomb:1   | Killed a royal mummy
 86954 | Tomb:1   | Noticed a royal mummy
 86958 | Tomb:1   | Noticed a royal mummy
 87088 | Tomb:1   | Noticed a royal mummy
 87094 | Tomb:1   | Killed a royal mummy
 87097 | Tomb:1   | Killed a royal mummy
 87097 | Tomb:1   | Noticed a royal mummy
 87102 | Tomb:1   | Killed a royal mummy
 87106 | Tomb:1   | Killed a royal mummy
 87172 | Tomb:1   | Noticed a royal mummy
 87184 | Tomb:1   | Killed a royal mummy
 87357 | Tomb:2   | Noticed a royal mummy
 87357 | Tomb:2   | Noticed a royal mummy
 87358 | Tomb:2   | Noticed a royal mummy
 87360 | Tomb:2   | Killed a royal mummy
 87385 | Tomb:1   | Noticed a royal mummy
 87389 | Tomb:1   | Killed a royal mummy
 87425 | Tomb:2   | Killed a royal mummy
 87425 | Tomb:2   | Noticed a royal mummy
 87431 | Tomb:2   | Killed a royal mummy
 87442 | Tomb:2   | Killed a royal mummy
 87975 | Tomb:3   | Entered Level 3 of the Tomb of the Ancients
 87989 | Tomb:3   | Noticed a royal mummy
 87989 | Tomb:3   | Noticed a royal mummy
 87990 | Tomb:3   | Noticed a royal mummy
 87995 | Tomb:3   | Killed a royal mummy
 87997 | Tomb:3   | Noticed a royal mummy
 87999 | Tomb:3   | Noticed Khufu
 88000 | Tomb:3   | Noticed a royal mummy
 88002 | Tomb:3   | Noticed a royal mummy
 88003 | Tomb:3   | Noticed a royal mummy
 88003 | Tomb:3   | Noticed a royal mummy
 88007 | Tomb:3   | Noticed a royal mummy
 88007 | Tomb:3   | Killed a royal mummy
 88007 | Tomb:3   | Noticed a royal mummy
 88008 | Tomb:3   | Killed a royal mummy
 88008 | Tomb:3   | Killed a royal mummy
 88077 | Tomb:2   | Killed Khufu
 88262 | Tomb:3   | Killed a royal mummy
 88267 | Tomb:3   | Killed a royal mummy
 88270 | Tomb:3   | Killed a royal mummy
 88270 | Tomb:3   | Killed a royal mummy
 88272 | Tomb:3   | Killed a royal mummy
 88272 | Tomb:3   | Killed a royal mummy
 88386 | Tomb:3   | Identified the ring of Xoviudd {rN++ Will+ EV+5}
 88400 | Tomb:3   | Identified the ring of the Oracle {rPois rF+++ MP+9 Str+4
                  | Dex-5}
 88523 | Tomb:3   | Identified the staff of death "Zaqaisch" {*Slow rElec rN+
                  | rCorr Str+3 Stlth+}
 88525 | Tomb:3   | Identified the +3 falchion of the Warrior {elec, Str+2
                  | SInv}
 88540 | Tomb:3   | Identified the orb of the Chupacabra {*Rage, rElec Will-
                  | SInv}
 88551 | Tomb:3   | Identified the ring "Nuloupo" {rElec rPois Will++ Dex+6
                  | Stlth-}
 88635 | Tomb:3   | Got a golden rune of Zot
 89167 | Depths:3 | Voluntarily entered the Abyss.
 89504 | Abyss:2  | Found a corrupted altar of Lugonu.
 89520 | Abyss:2  | Found a bloodstained altar of Trog.
 89592 | Abyss:2  | Found a corrupted altar of Lugonu.
 89595 | Abyss:2  | Found a corrupted altar of Lugonu.
 90000 | Abyss:2  | Found a corrupted altar of Lugonu.
 90208 | Abyss:2  | Found a corrupted altar of Lugonu.
 90267 | Abyss:2  | Found a corrupted altar of Lugonu.
 90363 | Abyss:2  | Found a corrupted altar of Lugonu.
 90439 | Abyss:2  | Found a corrupted altar of Lugonu.
 91284 | Abyss:3  | Paralysed by accursed screaming for 1 turns
 91292 | Abyss:3  | Paralysed by accursed screaming for 1 turns
 91500 | Abyss:3  | Found a corrupted altar of Lugonu.
 92600 | Abyss:3  | Found a corrupted altar of Lugonu.
 92619 | Abyss:3  | Found a corrupted altar of Lugonu.
 92619 | Abyss:3  | Found a corrupted altar of Lugonu.
 92644 | Abyss:3  | Found a corrupted altar of Lugonu.
 92749 | Abyss:3  | Paralysed by accursed screaming for 1 turns
 92773 | Abyss:3  | Gained mutation: You are dopey. (Int -2) [a cacodemon]
 92936 | Abyss:4  | Found a corrupted altar of Lugonu.
 92942 | Abyss:4  | Gained mutation: You occasionally shout uncontrollably at
                  | your foes. [a neqoxec]
 92961 | Abyss:4  | Found a corrupted altar of Lugonu.
 92988 | Abyss:4  | Reached skill level 27 in Fighting
 92994 | Abyss:4  | Gained mutation: You do not regenerate when monsters are
                  | visible. [a cacodemon]
 92995 | Abyss:4  | Gained mutation: You are frail. (-10% HP) [a shining eye]
 93000 | Abyss:4  | Reached skill level 27 in Necromancy
 93008 | Abyss:4  | Gained mutation: You are occasionally teleported next to
                  | monsters. [a neqoxec]
 93018 | Abyss:4  | Got an abyssal rune of Zot
 93033 | Depths:3 | Escaped the Abyss
 93037 | Depths:3 | Lost mutation: You are partially covered in iridescent
                  | scales. (AC +2) [potion of mutation]
 93037 | Depths:3 | Lost mutation: You are frail. (-10% HP) [potion of
                  | mutation]
 93037 | Depths:3 | Gained mutation: You are clumsy. (Dex -2) [potion of
                  | mutation]
 93037 | Depths:3 | Gained mutation: You are partially covered in iridescent
                  | scales. (AC +2) [potion of mutation]
 93342 | Zot:5    | Got the Orb of Zot
 93632 | D:15     | Noticed Saroam the pandemonium lord
 93643 | D:14     | Killed Saroam the pandemonium lord
 93653 | D:14     | Noticed Bistryorch the pandemonium lord
 93661 | D:14     | Killed Bistryorch the pandemonium lord
 93770 | D:10     | Noticed Yvugenue the pandemonium lord
 93787 | D:10     | Killed Yvugenue the pandemonium lord
 93788 | D:10     | Reached skill level 27 in Evocations
 93789 | D:10     | Reached skill level 1 in Hexes
 93930 | D:4      | Noticed a seraph
 93937 | D:4      | Killed a seraph
 94116 | D:$      | Escaped with the Orb!

Illustrated notes

Levels and vault maps discovered:
D:1:      roderic_crop_circles_arrival_small, layout_basic,
          minmay_misc_feat_room
D:2:      layout_loops_ring, basic_altar
D:3:      layout_loops_ring, nicolae_elyvilon_peaceful_grove,
          mainiacjoe_overflow_concentric_impassable, uniq_natasha
D:4:      layout_loops_corners, mainiacjoe_overflow_paths,
          fedhas_altar_decomposition, kennysheep_pointless_box
D:5:      layout_cave_pools
D:6:      black_bear_nest_2, layout_loops_ring,
          minmay_temple_entry_statues_fountains, nicolae_water_bricks,
          kennysheep_generic_room_13, uniq_blork_the_orc
D:7:      wad_woods_stonehenge, layout_basic, nicolae_overflow_hidden_temple,
          enter_bailey_6, kennysheep_crisscross, minmay_ruffians,
          uniq_prince_ribbit1
D:8:      layout_rooms, chequers_temple_overflow_minitemple, serial_shops,
          nicolae_shop_tiny_glass, uniq_erica, uniq_pikel
D:9:      layout_small_grid, mainiacjoe_overflow_catch_the_wave, erik_orc_2
D:10:     layout_irregular_city, nicolae_gozag_cash_rules_everything_around_me,
          lair_entry_dummy
D:11:     layout_roguey
D:12:     layout_layer_cave
D:13:     layout_stronghold, serial_shops, shop, uniq_josephine, uniq_nessos,
          uniq_maurice
D:14:     layout_stronghold, david_vaults_3, grunt_dithmenos_smoke_and_mirrors,
          gauntlet_entry_generic
D:15:     grunt_enter_depths_magical_seal, layout_basic, kennysheep_flooded_box
Temple:   hellmonk_temple_divided_pantheon
Lair:1:   beast_lair_carwin_large_2, layout_regular_city,
          minmay_lair_oklob_bushes, serial_bayou_lake_a, serial_bayou_shore_a
Lair:2:   layout_chaotic_city, elwin_shoals_entry_rooms,
          guppyfry_snake_entry_island, grunt_megastairs_1,
          infiniplex_staircase_pool_2, uniq_urug
Lair:3:   layout_cave_pods, st_stairs_4
Lair:4:   layout_regular_city, enter_volcano_2, uniq_rupert
Lair:5:   evilmike_catoblepas_cave, layout_loops_ring,
          minmay_slime_entry_pillars, pdpol_lair_cabin_in_the_woods
Shoals:1: layout_shoals, wheals_shoals_ruined_temple
Shoals:2: layout_shoals, nicolae_shoals_undead_eyrie
Shoals:3: layout_shoals, ldierk_geyser, nicolae_island_escapes, uniq_ilsuiw
Shoals:4: shoals_end_hellmonk_storm_palace [storm_palace_center_ruins,
          storm_palace_corner_reverse_hut, storm_palace_corner_narrow,
          storm_palace_corner_grid, storm_palace_corner_grid]
Snake:1:  layout_onion_interference
Snake:2:  layout_layer_cave, uniq_vashnia
Snake:3:  cheibrodos_snake_lava_hold, layout_basic
Snake:4:  snake_pit_salamanders_mu, layout_chambers, basic_altar
Slime:1:  layout_caves
Slime:2:  layout_caves
Slime:3:  layout_caves
Slime:4:  layout_caves
Slime:5
Orc:1:    layout_caves, led_sif_book, uniq_fannar
Orc:2:    pf_orc_diabolical, layout_diamond_mine, basic_altar
Elf:1:    minmay_elf_arrival_circle, layout_geoelf_octagon, serial_shops,
          nicolae_square_shop, serial_glass, glass_columns_c, glass_columns_c,
          item_on_display_a, feat_on_display, item_on_display_b,
          hangedman_elf_disciples, grunt_ministairs_3, minivault_25, uniq_louise
Elf:2:    nicolae_elf_blades_crystal_corner, layout_loops_corners, serial_shops,
          nicolae_shop_hallway_stairs, uniq_zenata, uniq_azrael
Elf:3:    grunt_elf_hall_asides, layout_geoelf_octagon
Vaults:1: vaults_room_pool, nicolae_vaults_little_squares_5,
          nicolae_vaults_angled_halls, vaults_dpeg_diagonal,
          nicolae_vaults_network_periphery, ontoclasm_vaults_idyll,
          hangedman_vaults_trim, vaults_dpeg_encased_lava, v_misc_11,
          layout_vaults_quadrants, serial_shops, bzr_in_the_mist, uniq_nikola
Vaults:2: dpeg_vaults_monster_box, minmay_crypt_entry_simple_round, kb_rosetta,
          vaults_room_grunt_arrival_checkpoint,
          nicolae_vaults_shrinking_rooms_2, v_misc_22,
          nicolae_vaults_surprise_closet, layout_vaults_chaotic_city,
          serial_shops, nicolae_lakefront_shop
Vaults:3: nicolae_vaults_oval_intersection, hangedman_vaults_river_flow,
          vaults_room_door_ring, hangedman_vaults_restitches,
          nicolae_vaults_trapezoid_lopsided_1, nicolae_vaults_three_branches,
          nicolae_vaults_ring_of_whatevers, nicolae_vaults_mini_display_case,
          hangedman_vaults_snaps, v_misc_22, nicolae_vaults_sesquioval_fish,
          layout_vaults_ring
Vaults:4: hangedman_vaults_cutoff, vaults_mumra_lcd, hangedman_vaults_nodes,
          hangedman_vaults_cutoff, nicolae_vaults_little_squares_6,
          nicolae_vaults_six-pack, ontoclasm_vaults_gateway, v_misc_3,
          hangedman_vaults_nails, vaults_dpeg_cross, layout_vaults_maze_snakey
Vaults:5: serial_shops, uniq_xtahua, uniq_margery
Crypt:1:  layout_regular_city, serial_glass, glass_columns_c, glass_columns_b,
          glass_columns_a, glass_columns_a, minmay_strange_pillars,
          due_unseen_surprise, minmay_misc_feat_rows, grunt_ministairs_15,
          grunt_megastairs_4, uniq_mennas
Crypt:2:  layout_rooms
Crypt:3:  church_of_pain_bobbens, layout_chaotic_city,
          tomb_entry_simple_bobbens, uniq_vv, uniq_bai_suzhen
Tomb:1
Tomb:2
Tomb:3:   uniq_khufu
Depths:1: layout_gridlike, hell_entry, nzn_wu_jian_council_hall, st_stairs_14,
          grunt_tough_drop
Depths:2: evilmike_diamond_1, layout_honeycomb, hellmouth_1,
          kiku_gazebo_pond_becter, rand_demon_pan_entry_4, uniq_aizul
Depths:3: minmay_the_grid_four_pointed_star_mashed
          [minmay_the_grid_triangle_9x9_zippers_vertical,
          minmay_the_grid_triangle_9x9_minimal,
          minmay_the_grid_triangle_9x9_corruption,
          minmay_the_grid_triangle_9x9_limited_checkers,
          minmay_the_grid_prize_trominoes], layout_basic, enter_ziggurat_c,
          special_room [special_room_mythical_zoo], abyss_entry_crystal,
          grunt_hell_horde, grunt_decor_fettered, uniq_parghit
Depths:4: grunt_crosshair, layout_gridlike, abyss_entry_small_statue_room,
          grunt_hell_entry_dis_grunt, hellmonk_bongcloud_opening,
          minmay_multi_spiral, serial_bayou_shore_b, serial_bayou_shore_b,
          kennysheep_random_hallway, uniq_josephina, uniq_jory
Hell
Dis:1:    layout_subdivisions
Dis:2:    layout_gridville, evilmike_ambush [evilmike_ambush_outer_pillars,
          evilmike_ambush_inner_basic]
Dis:3:    layout_subdivisions
Dis:4:    layout_subdivisions
Dis:5:    layout_jigsaw
Dis:6:    layout_jigsaw, nicolae_dis_spooky_hallway
Dis:7:    dis_st
Geh:1:    layout_gehenna_pools_box, nicolae_hells_seeping_fissure
Geh:2:    layout_gehenna_lava_caves
Geh:3:    layout_gehenna_pools_basic
Geh:4:    layout_gehenna_lava_caves
Geh:6:    layout_gehenna_lava_caves
Geh:7:    geh_hangedman
Coc:1:    layout_ice_bergs
Coc:2:    layout_ice_bergs
Coc:3:    layout_cocytus_delve
Coc:4:    layout_cocytus_water_paths
Coc:5:    layout_cocytus_water_paths
Coc:6:    layout_cocytus_delve
Coc:7:    coc_grunt
Tar:1:    layout_grid_maze, nicolae_tar_four_comb_rooms
Tar:2:    layout_cathedral_of_symmetry
Tar:3:    layout_cathedral_of_symmetry, nicolae_tar_cuneiform_sun,
          nicolae_tar_cuneiform_to_be, nicolae_tar_honey_rotating
Tar:4:    layout_catacombs
Tar:5:    layout_honeycomb
Tar:6:    layout_grid_maze
Tar:7:    tar_grunt_cathedral
Zot:1:    grunt_zot_stairs_mandelzot, layout_gridlike,
          nicolae_transporter_intersection
Zot:2:    layout_onion_interference
Zot:3:    grunt_twist_and_shout, layout_onion
Zot:4:    layout_onion_interference, nicolae_diode_quadrants
Zot:5:    layout_onion, st_stairs_10, grunt_ministairs_5

Skill      XL: |  1  2  3  4  5  6  7  8  9 10 11 12 13 14 15 16 17 18 19 20 21 22 23 24 25 26 27 |
---------------+----------------------------------------------------------------------------------+-----
Dodging        | 3 4 5 6 7 8 9 11 12 13 15 16 19 21 22 24 26 27 | 27.0
Translocations | 1 2 3 4 5 7 8 9 16 | 16.0
Unarmed Combat | 4 5 7 8 9 11 12 14 16 17 19 20 21 22 23 24 25 26 27 | 27.0
Fighting       | 2 3 4 5 6 7 8 9 10 11 12 13 14 17 16 18 27 | 27.0
Transmutations | 3 5 6 7 8 9 10 11 12 13 14 16 17 18 21 | 21.0
Ice Magic      | 1 2 3 |  3.0
Spellcasting   | 3 4 5 6 7 8 10 14 15 17 19 | 19.8
Invocations    | 2 3 4 5 6 7 8 9 10 11 12 13 | 13.0
Evocations     | 1 3 5 7 8 9 10 11 12 13 14 15 18 19 27 | 27.0
Earth Magic    | 1 3 5 7 8 9 13 14 15 27 | 27.0
Necromancy     | 9 10 11 27 | 27.0
Conjurations   | 8 |  8.0
Hexes          | 1 |  1.3
Summonings     | |  0.8
Fire Magic     | |  0.6
Air Magic      | |  0.7
Poison Magic   | |  0.8

Action                     |  1- 3 |  4- 6 |  7- 9 | 10-12 | 13-15 | 16-18 | 19-21 | 22-24 | 25-27 || total
---------------------------+-------+-------+-------+-------+-------+-------+-------+-------+-------++-------
  Melee: Unarmed           |    84 |   104 |   232 |   476 |   596 |   971 |   828 |  1009 |  5268 ||  9568
         Bite              |     6 |    12 |    15 |     4 |     4 |    82 |   135 |   151 |   615 ||  1024
         Headbutt          |    13 |    17 |    19 |     9 |       |       |       |     4 |   387 ||   449
         Punch             |       |     4 |     6 |     7 |     2 |    98 |   166 |   196 |   883 ||  1362
   Cast: Beastly Appendage |    20 |    21 |    23 |    13 |       |     1 |     1 |       |       ||    79
         Wereblood         |     1 |     2 |    12 |    24 |    25 |    16 |    19 |    18 |    92 ||   209
         Ice Form          |       |       |    16 |    57 |    60 |    57 |       |       |       ||   190
         Lesser Beckoning  |       |       |     5 |    10 |    50 |   248 |    60 |    90 |   192 ||   655
         Momentum Strike   |       |       |     1 |    12 |     6 |     2 |       |       |       ||    21
         Teleport Other    |       |       |       |     3 |       |     2 |       |       |       ||     5
         Blink             |       |       |       |     1 |       |     2 |       |       |       ||     3
         Gell's Gravitas   |       |       |       |       |     4 |    13 |     4 |       |       ||    21
         Statue Form       |       |       |       |       |     3 |    70 |    98 |   112 |   578 ||   861
         Passage of Golubr |       |       |       |       |     1 |     4 |       |       |     8 ||    13
         Dispersal         |       |       |       |       |       |       |       |     1 |     2 ||     3
         Borgnjor's Vile C |       |       |       |       |       |       |       |     9 |     4 ||    13
         Lee's Rapid Decon |       |       |       |       |       |       |       |     7 |    11 ||    18
         Animate Dead      |       |       |       |       |       |       |       |     4 |    38 ||    42
         Manifold Assault  |       |       |       |       |       |       |       |       |  1005 ||  1005
         Alistair's Intoxi |       |       |       |       |       |       |       |       |     4 ||     4
         Necromutation     |       |       |       |       |       |       |       |       |     3 ||     3
         Shatter           |       |       |       |       |       |       |       |       |    63 ||    63
         Death Channel     |       |       |       |       |       |       |       |       |    44 ||    44
         Lehudib's Crystal |       |       |       |       |       |       |       |       |    26 ||    26
         Death's Door      |       |       |       |       |       |       |       |       |     4 ||     4
 Invoke: Bend Time         |       |       |       |       |     2 |       |     1 |     5 |     6 ||    14
         Slouch            |       |       |       |       |       |     3 |       |     5 |    33 ||    41
         Step From Time    |       |       |       |       |       |       |       |     1 |    23 ||    24
         Temporal Distorti |       |       |       |       |       |       |       |       |     7 ||     7
Ability: End Transformatio |       |       |     1 |       |       |       |       |       |     1 ||     2
  Evoke: Phial of floods   |       |       |       |       |     1 |     1 |       |     1 |     3 ||     6
         Box of beasts     |       |       |       |       |     1 |       |       |       |     7 ||     8
         Wand              |       |       |       |       |       |       |       |     2 |     8 ||    10
         Phantom mirror    |       |       |       |       |       |       |       |     1 |     1 ||     2
         Lightning rod     |       |       |       |       |       |       |       |     2 |     3 ||     5
         Tin of tremorston |       |       |       |       |       |       |       |     2 |     1 ||     3
         Horn of Geryon    |       |       |       |       |       |       |       |       |     3 ||     3
    Use: Potion            |       |     2 |     3 |     1 |     2 |     3 |       |     5 |    47 ||    63
         Scroll            |       |     4 |     4 |     5 |     7 |    12 |     5 |     3 |    30 ||    70
   Stab: Sleeping          |     4 |     3 |     5 |     6 |     2 |     2 |     2 |     3 |     6 ||    33
         Petrified         |       |       |       |       |     3 |       |       |       |       ||     3
         Petrifying        |       |       |       |       |     2 |       |       |       |     1 ||     3
         Distracted        |       |       |       |       |     1 |     1 |       |     9 |    45 ||    56
 Armour: Skin              |     4 |       |    14 |    54 |    59 |   155 |   136 |   209 |   606 ||  1237
  Dodge: Dodged            |    57 |    66 |   234 |   482 |   597 |  1707 |  1808 |  2521 | 10078 || 17550
